Cogmind - Beta 14 X2 @@@ ROGUE MODE // 2024.08.03 @ 19:48:32 Player: Plexion Result: Heading to fleet! Performance ------------- Evolutions (9) 4500 Regions Visited (31) 6200 Robots Destroyed (229) 1145 Value Destroyed (11257) 11257 Prototype IDs (322) 6440 Alien Tech Used (15) 3000 Bonus (39464) 39464 TOTAL SCORE: 72006 Bonus ------- High Alert Combat Kills 374 Follower Combat Kills 7749 Forged Quantum Companion 2000 Entered Garrisons 200 Used RIF Installer 500 Network Hubs Disabled 200 Aligned with FarCom 300 Met Zhirov 300 Met R17 at Cetus 500 Used Core Reset Matrix 3000 Met R17 at Research 2000 Destroyed MAIN.C Guards 500 Met MAIN.C 5000 Destroyed MAIN.C Shell 5000 Destroyed MAIN.C 10000 Met Architect 300 Destroyed A8 300 Win 3000 Friendly Fire -1759 Cogmind --------- Core Integrity 47/1600 Matter 290/300 Energy 692/700 System Corruption 0% Temperature Cool (16) Movement Hovering (66) Location To Fleet Rendezvous Parts ------- > --- POWER (2) -------- Vortex Chain Reactor > --- PROPULSION (8) --- Combat Antigrav System Combat Antigrav System Combat Antigrav System Combat Linear Gravjet > --- UTILITY (12) ----- Large Storage Unit Advanced Terrain Scan Processor Advanced Melee Analysis Suite Improved Armor Integrity Analyzer > --- WEAPON (3) ------- Superquantum Companion > --- INVENTORY (17) --- Experimental Energy Well (600) Experimental Terrain Scanner Advanced Phase Shifter Omega Cannon Peak State ------------ > --- POWER ------------ Zero-point Reactor Zero-point Reactor > --- PROPULSION ------- Combat Antigrav System Combat Antigrav System Combat Antigrav System Combat Antigrav System Combat Antigrav System Cooled Linear Gravjet Combat Linear Gravjet Combat Linear Gravjet > --- UTILITY ---------- High-capacity Storage Unit Advanced Melee Analysis Suite Advanced Melee Analysis Suite Experimental Core Analyzer Microactuators Nanoactuators Experimental Reaction Control System Advanced Phase Shifter Experimental Powered Armor Heavy Regenerative Plating AEGIS Remote Shield > --- WEAPON ----------- Superquantum Companion Sigix Broadsword > --- INVENTORY -------- Combat Antigrav System Cooled Linear Gravjet Cooled Linear Gravjet Combat Linear Gravjet Advanced Energy Well Quantum Shading Machine Experimental Terrain Scanner Advanced Melee Analysis Suite Improved Armor Integrity Analyzer Advanced Weapon Cycler Advanced Phase Shifter Improved Core Shielding Transdimensional Reconstructor High-powered Transdimensional Reconstructor Spacefold Activator Long-range Proton Cannon Omega Cannon Neutron Missile Launcher Z-bomb Delivery System Core Stripper [Rating: 238] Favorites ----------- Power Improved Deuterium Engine Engine Improved Deuterium Engine Power Core Micro Fission Core Reactor Zero-point Reactor Propulsion Combat Antigrav System Treads Light Treads Leg Assembled Alloy Leg Wheel Wheel Hover Unit Combat Antigrav System Flight Unit VTOL Module Utility Improved Light Armor Plating Device Army-in-a-Box Storage Huge Storage Unit Processor Improved Melee Analysis Suite Hackware Hacking Suite Protection Improved Light Armor Plating Artifact Spacefold Activator Weapon Companion Sword Energy Gun Backup Laser III Energy Cannon EM Pulse Cannon Ballistic Gun Improved Assault Rifle Ballistic Cannon Siege Cannon Launcher Improved Grenade Launcher Special Weapon Improved Remote Datajack Impact Weapon Core Stripper Slashing Weapon Companion Sword Special Melee Weapon Datajack Build | -11 -10 -10 -10 -9 -8 -8 -8 -7 -7 -7 -7 -5 -5 -5 -5 -5 -4 -4 -4 -4 -4 -4 -3 -3 -3 -3 -2 -2 -1 -1 -1 ------- Run | Yrd Mat Min Exi Min Mat Gar Mat Fac Sto Rec Scr Fac Ext Cet Arc Hub Fac Was Fac Upp Upp Zhi Pro Res Qua Sec Res Tes Acc Com Ac0 Slots Evolved 18 | . . . . . 4 . . 2 . . . 4 . . . . 2 . . . . . . 2 . . 2 . 2 . . Power 1 | . . . . . . . . . . . . 1 . . . . . . . . . . . . . . . . . . . Propulsion 6 | . . . . . 1 . . . . . . 1 . . . . 1 . . . . . . 1 . . 1 . 1 . . Utility 10 | . . . . . 3 . . 1 . . . 2 . . . . 1 . . . . . . 1 . . 1 . 1 . . Weapon 1 | . . . . . . . . 1 . . . . . . . . . . . . . . . . . . . . . . . Parts Attached 567 | 6 9 12 2 9 16 10 21 15 31 6 41 22 11 13 5 10 33 9 34 4 2 9 12 13 17 42 14 38 9 79 13 Power 44 | 1 1 . . . 2 2 1 1 1 . . 2 1 3 . 1 3 3 . . . 2 . 3 2 3 1 4 . 6 1 Engine 11 | 1 1 . . . 2 1 1 1 1 . . 2 . . . . . 1 . . . . . . . . . . . . . Core 8 | . . . . . . 1 . . . . . . 1 . . . 1 2 . . . 1 . 1 1 . . . . . . Reactor 25 | . . . . . . . . . . . . . . 3 . 1 2 . . . . 1 . 2 1 3 1 4 . 6 1 Propulsion 118 | 2 1 2 1 . 5 2 7 3 8 5 11 1 4 5 . . 8 4 8 . . . . 1 . 2 1 5 1 29 2 Treads 41 | 2 1 2 . . 4 2 4 2 4 4 5 1 4 5 . . 1 . . . . . . . . . . . . . . Leg 1 | . . . . . . . . . . . 1 . . . . . . . . . . . . . . . . . . . . Wheel 16 | . . . 1 . 1 . 3 1 4 1 5 . . . . . . . . . . . . . . . . . . . . Hover 54 | . . . . . . . . . . . . . . . . . 2 3 8 . . . . 1 . 2 1 5 1 29 2 Flight 6 | . . . . . . . . . . . . . . . . . 5 1 . . . . . . . . . . . . . Utility 259 | 1 5 4 1 3 3 1 6 3 8 . 10 10 6 5 2 5 13 2 21 2 1 6 9 8 12 27 12 23 8 34 8 Device 141 | . 4 3 1 1 . . 1 2 1 . 1 4 2 2 1 3 4 1 9 1 1 3 6 3 11 22 8 15 5 21 5 Storage 12 | 1 1 . . . . . 1 . . . 3 . . . . . . 1 1 . . 1 . . . . . 1 . 2 . Processor 25 | . . . . . . . . . . . 2 1 . . . . 7 . 4 . . . 2 1 . . 2 . . 5 1 Hackware 11 | . . . . . 2 . . . . . . 2 . . . . 1 . 2 . . . . 1 . . . 2 1 . . Protection 58 | . . 1 . 2 1 1 4 1 7 . 4 3 4 3 1 2 1 . 5 1 . 2 1 3 . 2 . 1 . 6 2 Artifact 12 | . . . . . . . . . . . . . . . . . . . . . . . . . 1 3 2 4 2 . . Weapon 146 | 2 2 6 . 6 6 5 7 8 14 1 20 9 . . 3 4 9 . 5 2 1 1 3 1 3 10 . 6 . 10 2 Energy Gun 2 | . . . . . . . . . . . . . . . . . . . . . . . . . . . . 1 . 1 . Energy Cannon 21 | . . . . . . . . . 1 . 5 2 . . 2 . . . . . . . 1 . 2 7 . 1 . . . Ballistic Gun 39 | 2 2 3 . 4 5 3 3 3 9 . 3 . . . . . 2 . . . . . . . . . . . . . . Ballistic Cannon 12 | . . . . . . . . 2 . 1 4 . . . . 2 . . . . . . . . . . . 1 . 2 . Launcher 13 | . . 1 . 2 1 2 2 . . . 1 1 . . . . . . 1 1 . . . . . . . . . 1 . Special Weapon 15 | . . 1 . . . . . . . . 4 5 . . 1 1 1 . . . . 1 . 1 . . . . . . . Impact Weapon 3 | . . . . . . . . . . . . . . . . . . . . . . . . . . . . . . 1 2 Slashing Weapon 40 | . . . . . . . 2 3 4 . 3 1 . . . 1 6 . 4 1 1 . 2 . 1 3 . 3 . 5 . Piercing Weapon . | . . . . . . . . . . . . . . . . . . . . . . . . . . . . . . . . Special Melee Weapon 1 | . . 1 . . . . . . . . . . . . . . . . . . . . . . . . . . . . . Unidentified Prototypes 31 | . . . . . 1 . 1 . 2 . 6 . . 2 . . . . 1 . . 4 1 . 3 3 . 4 . 2 1 Parts Lost 66 | . 1 . . . 1 1 2 . 3 1 . 1 . . . 12 9 . . . . . 3 . 1 2 1 1 . 8 19 Power 11 | . 1 . . . . 1 . . . . . 1 . . . 2 1 . . . . . 1 . . 1 1 . . . 2 Propulsion 19 | . . . . . . . 1 . 1 1 . . . . . 2 4 . . . . . . . . 1 . 1 . 3 5 Utility 32 | . . . . . 1 . 1 . 2 . . . . . . 6 3 . . . . . 2 . 1 . . . . 5 11 Weapon 4 | . . . . . . . . . . . . . . . . 2 1 . . . . . . . . . . . . . 1 Highest Loss Streak 19 | . 1 . . . 1 1 2 . 2 1 . 1 . . . 10 4 . . . . . 1 . 1 1 1 1 . 6 19 To Critical Strikes . | . . . . . . . . . . . . . . . . . . . . . . . . . . . . . . . . Average Slot Usage (%) 79 | . 99 100 99 100 93 99 99 100 98 92 59 83 92 91 87 73 58 72 94 99 100 99 97 98 97 88 89 89 92 88 84 Engine 5 | . 14 14 14 14 8 6 6 7 7 7 7 7 8 1 . . . 3 . . . . . . . . . . . . . Core 1 | . . . . . . 2 2 . . . . . 1 1 . . 1 2 10 10 10 9 9 2 4 2 . . . . . Reactor 1 | . . . . . . . . . . . . . . 8 11 9 . . . . . . . 3 4 5 8 8 8 7 7 Treads 9 | . 27 28 22 14 19 27 23 7 8 7 6 11 15 14 11 10 2 . . . . . . . . . . . . . . Wheel 3 | . . . 5 14 7 . 2 14 13 12 6 . . . . . . . . . . . . . . . . . . . . Hover 7 | . . . . . . . . . . . . . . . . . 1 5 25 26 26 26 26 28 28 28 28 28 32 31 29 Device 5 | . 13 12 13 4 . . 1 7 5 . 2 4 3 6 11 6 3 4 5 6 8 9 5 9 8 4 6 3 4 14 17 Storage 5 | . 14 14 14 14 9 9 9 7 7 7 4 5 5 5 5 4 . 1 4 5 5 5 5 4 4 4 4 4 4 4 4 Processor 7 | . . . . . . . . . . . 3 16 17 17 17 17 34 29 21 21 21 21 19 19 19 19 19 21 19 13 15 Hackware 3 | . . . . . 15 18 16 7 7 7 . 8 5 4 . . . 5 4 5 5 5 5 7 9 7 4 7 10 1 . Protection 11 | . . 1 . 9 15 17 18 23 24 30 15 8 12 11 10 11 1 5 9 8 6 5 10 4 4 4 4 4 4 6 4 Energy Cannon 1 | . . . . . . . . . . . 2 2 5 5 5 4 . . . . . . . . 1 . . . . . . Ballistic Gun 5 | . 28 25 14 18 18 17 17 19 20 16 . 4 . . . . 1 . . . . . . . . . . . . . . Ballistic Cannon 1 | . . . . . . . . . . 2 2 . . . . 1 . . . . . . . . . . . . . . . Slashing Weapon 4 | . . . . . . . . 2 2 . 3 4 5 5 5 3 3 5 11 15 14 10 9 9 9 8 8 7 8 7 6 Naked Turns . | . . . . . . . . . . . . . . . . . . . . . . . . . . . . . . . . Heaviest Build 203 | 10 47 50 50 55 59 60 107 117 117 163 163 115 123 149 151 203 21 40 59 65 65 76 84 90 87 99 103 96 110 139 104 Greatest Support 160 | 40 40 42 42 16 62 62 62 20 26 72 78 80 114 160 160 160 80 33 80 80 80 80 80 91 91 106 113 115 131 148 128 Greatest Overweight (x) 50 | . 1 1 3 3 3 . 10 5 11 16 32 1 1 1 50 1 3 1 1 . . . 1 . . 1 1 . . 1 . Average Overweight (x) 1 | . . 1 1 3 2 . 1 5 4 6 4 1 . . 3 . . . . . . . . . . . . . . . . Largest Inventory Capacity 35 | 8 20 20 20 20 20 20 25 25 25 25 35 25 25 25 25 25 5 15 15 15 15 20 20 20 20 22 22 22 22 22 17 Average Capacity 19 | 7 14 20 20 20 20 20 24 25 25 25 17 25 25 25 25 24 5 6 14 15 15 19 20 20 20 20 22 22 22 21 17 Most Carried 25 | 4 11 20 20 20 20 20 25 25 25 25 25 25 25 25 25 25 5 6 15 15 15 20 20 20 20 21 21 22 20 22 17 Average Carried 15 | 1 7 15 19 20 19 19 23 23 24 24 11 24 24 24 24 23 4 4 12 14 15 18 18 18 19 19 18 21 18 19 14 Final Capacity 25 | 8 20 20 20 20 20 20 25 25 25 25 25 25 25 25 25 5 5 5 15 15 15 20 20 20 20 22 22 22 22 17 17 Final Carried 25 | 4 11 20 20 20 19 20 25 25 25 24 25 24 25 25 25 5 5 5 14 15 15 19 18 20 19 19 19 21 15 17 5 Class Distribution -------------------- 29% | Scavenger-Mutant 19% | Mutant 12% | Alien-Gladiator 9% | Gunner 6% | Hacker-Mutant 4% | Tank 4% | Machinist-Gladiator 4% | Scavenger-Tank 3% | Hacker-Gladiator Dominant Class ---------------- Mutant | -10/Materials Mutant | -10/Mines Mutant | -10/Exiles Mutant | -9/Mines Hacker-Mutant | -8/Materials Hacker-Mutant | -8/Garrison Hacker-Mutant | -8/Materials Scavenger-Tank | -7/Factory Scavenger-Tank | -7/Storage Scavenger-Tank | -7/Recycling Scavenger-Mutant | -7/Scraptown Scavenger-Mutant | -5/Factory Scavenger-Mutant | -5/Extension Scavenger-Mutant | -5/Cetus Scavenger-Mutant | -5/Archives Scavenger-Mutant | -5/Hub_04(d) Mutant | -4/Factory Scavenger-Scout | -4/Waste Scavenger-Gladiator | -4/Factory Machinist-Gladiator | -4/Upper Caves Machinist-Gladiator | -4/Upper Caves Machinist-Gladiator | -4/Zhirov Machinist-Gladiator | -3/Proximity Caves Hacker-Gladiator | -3/Research Hacker-Gladiator | -3/Quarantine Alien-Gladiator | -3/Section 7 Alien-Gladiator | -2/Research Alien-Gladiator | -2/Testing Alien-Gladiator | -1/Access Alien-Gladiator | -1/Command Alien-Gladiator | -1/Access_0 Resources | -11 -10 -10 -10 -9 -8 -8 -8 -7 -7 -7 -7 -5 -5 -5 -5 -5 -4 -4 -4 -4 -4 -4 -3 -3 -3 -3 -2 -2 -1 -1 -1 ----------- Run | Yrd Mat Min Exi Min Mat Gar Mat Fac Sto Rec Scr Fac Ext Cet Arc Hub Fac Was Fac Upp Upp Zhi Pro Res Qua Sec Res Tes Acc Com Ac0 Matter Collected 9055 | 266 365 126 85 244 299 517 416 290 799 155 878 225 332 130 57 4 328 128 364 155 83 111 170 130 165 470 106 501 61 1020 75 Remotely 368 | . . . . . . . . . 368 . . . . . . . . . . . . . . . . . . . . . . Salvage Created 13232 | 28 509 60 . 71 449 578 562 284 793 . 416 199 662 115 309 146 329 116 364 . . 406 285 350 597 1069 136 1107 187 2515 590 Parts 644 | 4 39 . . 19 31 39 43 7 51 . 19 7 32 4 21 8 17 8 22 . . 10 13 12 31 43 7 48 4 79 26 Haulers Intercepted 8 | . 2 . . . 2 . 2 . . . . . . . . . . . . . . . . 2 . . . . . . . Recyclers Shooed 4 | . 2 . . . . . 1 . . . . 1 . . . . . . . . . . . . . . . . . . . Parts Field Recycled . | . . . . . . . . . . . . . . . . . . . . . . . . . . . . . . . . Retrieved Matter . | . . . . . . . . . . . . . . . . . . . . . . . . . . . . . . . . Parts Self-Destructed 29 | . . . . . . . . . . . 10 . . . . . . . . . . 6 13 . . . . . . . . Prevented . | . . . . . . . . . . . . . . . . . . . . . . . . . . . . . . . . Kills | -11 -10 -10 -10 -9 -8 -8 -8 -7 -7 -7 -7 -5 -5 -5 -5 -5 -4 -4 -4 -4 -4 -4 -3 -3 -3 -3 -2 -2 -1 -1 -1 ------- Run | Yrd Mat Min Exi Min Mat Gar Mat Fac Sto Rec Scr Fac Ext Cet Arc Hub Fac Was Fac Upp Upp Zhi Pro Res Qua Sec Res Tes Acc Com Ac0 Combat Hostiles Destroyed 164 | . 12 8 . 12 9 20 7 5 15 . 1 . 4 1 . 3 7 . 4 . . . 5 2 7 14 1 11 2 8 6 Melee 51 | . . . . . . . . . . . . . 1 . . . 7 . 4 . . . 2 . 6 10 1 11 1 4 4 Guns 57 | . 12 2 . . 5 14 5 4 15 . . . . . . . . . . . . . . . . . . . . . . Cannons 15 | . . . . . . . . 1 . . 1 . 2 1 . 3 . . . . . . 3 2 . 1 . . . . 1 AOE 30 | . . 6 . 12 4 6 2 . . . . . . . . . . . . . . . . . . . . . . . . Classes Destroyed 21 | 1 6 2 . 1 2 1 2 . 1 . 2 . 1 . . . . 1 . . . . . . . 1 . . . . . Worker 8 | . . . . 1 1 . 3 . . . . 2 . . . . . . . . . . . . . . . . . 1 . Builder 8 | . . . . . . . 3 . . . . . 2 . . . . . 1 . . . . . . . . 2 . . . Tunneler 4 | 1 . . . . . . . . . . 2 . . . . . . . . . . . . 1 . . . . . . . Hauler 8 | . 2 . . . 2 . 2 . . . . . . . . . . . . . . . . 2 . . . . . . . Recycler 9 | . 1 . . . . . . . 1 . 1 1 3 . . . 1 . . . . . . . . . . 1 . . . Mechanic 2 | . . . . . 1 . . . . . 1 . . . . . . . . . . . . . . . . . . . . Operator 13 | . 1 . . . . . . . . . . . . . 9 . . . 1 . . . . 1 . . . . . 1 . Drone 1 | . . . . . . . . . . . 1 . . . . . . . . . . . . . . . . . . . . Watcher 17 | . 3 . . . 1 . 1 . . . . . . 1 . . . . 2 . . . . . 3 3 1 1 . 1 . Swarmer 47 | . 9 . . 12 . 10 2 . 4 . . . 1 . . . 5 . . . . . 2 . . 2 . . . . . Grunt 26 | . 3 . . . 6 5 2 3 1 . . . . . . . . . . . . . . 2 . 1 1 2 . . . Duelist 4 | . . . . . . 2 . . . . . . . . . . . . . . . . 1 . 1 . . . . . . Sentry 20 | . . 1 . . 2 3 1 1 6 . . . . . . 1 . . 1 . . . 1 . 1 2 . . . . . Demolisher 1 | . . . . . . . . . . . . . . . . . . . . . . . 1 . . . . . . . . Specialist 4 | . . . . . . . 1 . . . . . . . . . . . . . . . . . 3 . . . . . . Hunter 12 | . . . . . 1 . 2 1 . . . . . . . . . . . . . . . . . . . 6 2 . . Programmer 24 | . . . . . . . . . 4 . . . 2 . . . 2 . 3 . . . . . 2 6 . 3 . 2 . Behemoth 2 | . . . . . . . . . . . . . 1 . . 1 . . . . . . . . . . . . . . . Cetus Guard 1 | . . . . . . . . . . . . . . 1 . . . . . . . . . . . . . . . . . S7 Guard 1 | . . . . . . . . . . . . . . . . . . . . . . . . . . 1 . . . . . M Guard 2 | . . . . . . . . . . . . . . . . . . . . . . . . . . . . . . 2 . Enhanced Grunt 5 | . . . . . . . . . . . . . . . . . . . . . . . . . . . . . . . 5 Enhanced Hunter 1 | . . . . . . . . . . . . . . . . . . . . . . . . . . . . . . . 1 Lightning 1 | . . . . . . . . . . . . . . . . 1 . . . . . . . . . . . . . . . Combat Programmer 2 | . . . . . . . . . . . . . . . . . . . . . . . . . . . . . . 2 . Alpha 7 2 | . . . . . . . . . . . . . . . . . . . . . . . . . . 2 . . . . . Elite 1 | . . . . . . . . . . . 1 . . . . . . . . . . . . . . . . . . . . Assembled 8 | . . 7 . . . . . . . . . . . . . . . . . . . . . . . . . . . 1 . Martyr 2 | . . . . . . . . . . . . . . . . . . 2 . . . . . . . . . . . . . Best Kill Streak 10 | 1 6 7 . 4 10 5 3 2 4 . 3 2 3 2 3 1 6 . 1 . . . 2 2 3 2 1 3 2 2 3 Combat Bots Only 8 | . 6 7 . 4 8 5 3 2 3 . 1 . 3 1 . 1 5 . 1 . . . 2 2 3 2 1 3 2 2 3 Max Kills in Single Turn 4 | 1 2 4 . 4 3 3 3 1 2 . 1 1 1 1 1 1 1 1 1 . . . 1 1 1 2 1 1 1 1 1 Gunslinging 1 | . . . . . . 1 . . 1 . . . . . . . . . . . . . . . . . . . . . . Exploded 4 | . . 4 . 4 2 3 2 . . . . . . . . . . . . . . . . . . . . . . . . Melee 1 | . . . . . . . . . . . . . 1 . . . 1 . 1 . . . 1 . 1 1 1 1 1 1 1 Uniques/NPCs Destroyed 3 | . . . . . . . . . . . 1 . . . . . . . . . . . . . . . . . . 2 . Triborg (-7/Scraptown) MAIN.C Shell (-1/Command) MAIN.C (-1/Command) Combat | -11 -10 -10 -10 -9 -8 -8 -8 -7 -7 -7 -7 -5 -5 -5 -5 -5 -4 -4 -4 -4 -4 -4 -3 -3 -3 -3 -2 -2 -1 -1 -1 -------- Run | Yrd Mat Min Exi Min Mat Gar Mat Fac Sto Rec Scr Fac Ext Cet Arc Hub Fac Was Fac Upp Upp Zhi Pro Res Qua Sec Res Tes Acc Com Ac0 Hostile Shots Fired 1868 | . 78 10 . 24 48 56 37 30 234 15 7 21 20 29 3 219 137 . 101 . . . 50 4 78 160 10 76 19 114 288 Missed 639 | . 19 4 . 7 13 18 7 10 93 . 4 7 2 3 . 38 54 . 47 . . . 22 2 31 49 . 29 7 30 143 Deflected 5 | . . . . . . . . . . . . . . . . . . . . . . . . . 1 1 1 1 . 1 . Damage Taken 28591 | . 577 113 . 201 474 545 474 199 1097 148 127 577 551 912 98 5563 1596 . 905 . 66 10 766 37 882 2305 521 1206 583 2847 5211 Core 4220 | . 102 13 . 51 44 43 58 4 121 . 14 113 82 . . 522 389 . 129 . . 10 162 37 32 300 201 327 326 309 831 Absorbed by Shields 1757 | . . . . . . 13 . 81 279 . . . . . . . . . . . . . . . . . . . . 913 471 Reduced by Siege Mode 340 | . . . . . . . . . . . 10 . . 43 . 287 . . . . . . . . . . . . . . . Redirected to Shielding 139 | . . . . . . . . . . . . . . . . . . . 14 . 21 . . . . . . . . 104 . Ignored by Resistances 750 | . . . . . . . . . 9 24 . . . . . . . . 144 . . . . . 117 122 . 132 . 202 . Regen/Repaired (Parts) 5131 | . 105 . . . 93 . . . . . . . . . . . . . . . . . . . 286 1440 298 995 177 1349 388 Core Remaining (%) 52 | 100 . . . 33 . . 73 . . . 80 . . . . 28 . . . . . . 36 . . 65 . 58 . . 2 Volleys Fired 449 | 3 62 9 . 14 34 52 36 24 46 2 37 17 22 23 4 22 . . . . . 3 . . 20 10 . 1 . 8 . Largest 3 | 2 2 2 . 2 2 2 2 3 3 3 1 2 1 1 2 1 . . . . . 1 . . 1 1 . 1 . 1 . Hottest 153 | 40 40 100 . 43 46 46 46 94 84 84 70 118 90 90 153 90 . . . . . 7 . . 113 113 . 81 . 100 . Shots Fired 820 | 6 124 13 . 18 65 100 70 60 138 6 37 23 22 23 5 66 1 . . . 1 3 . . 20 10 . 1 . 8 . Gun 583 | 6 124 8 . 8 62 98 68 53 138 6 . 6 . . . . 1 . . . . . . . . . . . . 5 . Cannon 175 | . . . . . . . . 7 . . 32 9 4 23 4 64 . . . . . . . . 20 10 . 1 . 1 . Launcher 25 | . . 4 . 10 3 2 2 . . . . 1 . . . . . . . . 1 . . . . . . . . 2 . Special 37 | . . 1 . . . . . . . . 5 7 18 . 1 2 . . . . . 3 . . . . . . . . . Kinetic 662 | 6 124 8 . 8 62 98 68 60 138 6 32 6 . . . 44 1 . . . . . . . . . . . . 1 . Thermal 82 | . . 1 . . . . . . . . . 8 4 23 1 20 . . . . . . . . 15 10 . . . . . Explosive 25 | . . 4 . 10 3 2 2 . . . . 1 . . . . . . . . 1 . . . . . . . . 2 . Electromagnetic 15 | . . . . . . . . . . . . 1 . . 3 . . . . . . . . . 5 . . 1 . 5 . Robot Hit Streak 37 | 3 11 7 . 9 13 16 8 14 18 14 5 8 22 8 13 37 29 . . . . 32 . . . . . . . 37 . Robot Miss Streak 4 | 1 4 1 . 1 3 1 3 2 3 . 1 1 . 1 . 1 . . . . . . . . . . . . . . . Penetration Max . | . . . . . . . . . . . . . . . . . . . . . . . . . . . . . . . . Secondary Targets 6 | . 2 . . . . 1 1 . 2 . . . . . . . . . . . . . . . . . . . . . . Max Gunslinging Chain 1 | . 1 . . . . 1 1 . 1 . . . . . . . . . . . . . . . . . . . . . . Autonomous 66 | . . . . . . . . . . . . . . . . 44 . . . . . . 6 2 2 3 2 . . . 7 Shots Hit Robots 995 | 4 85 10 . 7 45 77 48 40 100 6 17 23 30 21 19 61 26 5 22 . . 14 9 8 27 60 1 29 7 128 66 Core Hits 400 | 1 39 15 . 21 26 37 24 15 31 1 6 3 8 5 8 18 9 2 8 . . 4 7 4 10 20 2 16 1 31 28 Critical Kills 3 | . . . . . . . . . 2 . . . 1 . . . . . . . . . . . . . . . . . . Critical Parts Destroyed 6 | . . . . . 1 . 3 2 . . . . . . . . . . . . . . . . . . . . . . . Critical Strikes 34 | . . . . . 1 . 3 2 2 . . . 3 . . 1 6 2 . . . . . . 2 2 . 2 2 . 6 Meltdown 1 | . . . . . . . . . . . . . 1 . . . . . . . . . . . . . . . . . . Destroy 8 | . . . . . 1 . 3 2 2 . . . . . . . . . . . . . . . . . . . . . . Blast 1 | . . . . . . . . . . . . . . . . 1 . . . . . . . . . . . . . . . Sever 4 | . . . . . . . . . . . . . . . . . . . . . . . . . 2 . . 2 . . . Melee Attacks 694 | . . . . . . . 4 4 10 . 34 13 11 1 14 . 41 5 57 5 . 12 23 20 43 84 11 47 15 155 85 Kinetic 14 | . . . . . . . . . . . . . . . . . . . . . . . . . . . . . . 8 6 Impact . | . . . . . . . . . . . . . . . . . . . . . . . . . . . . . . . . Slashing 680 | . . . . . . . 4 4 10 . 34 13 11 1 14 . 41 5 57 5 . 12 23 20 43 84 11 47 15 147 79 Piercing . | . . . . . . . . . . . . . . . . . . . . . . . . . . . . . . . . Sneak Attacks 51 | . . . . . . . 1 . . . 5 2 6 . 12 . 1 5 2 . . . . 4 1 7 . 3 . 2 . Combat Hostiles 6 | . . . . . . . . . . . . . . . . . . . . . . . . . . 6 . . . . . Follow-up Attacks 12 | . . . . . . . . . . . . . 1 . . . . . 4 . . 2 1 . . 2 . . . . 2 Damage Inflicted 49471 | 37 771 440 . 992 1203 1584 1048 580 1959 98 1417 771 712 595 1269 3055 1127 432 1040 . . 980 1019 956 1972 5029 257 2462 457 12275 4934 Guns 6315 | 37 771 72 . 113 607 1169 755 554 1911 98 . 121 . . . . 13 . . . . . . . . . . . . 94 . Cannons 6709 | . . . . . . . . 26 . . 765 191 132 555 94 3055 . . . . . . 520 174 163 250 169 . . . 615 Explosions 2447 | . . 368 . 879 592 415 164 . . . . 29 . . . . . . . . . . . . . . . . . . . Melee 33962 | . . . . . . . 107 . 36 . 652 430 580 40 1175 . 1114 432 1040 . . 980 499 782 1809 4779 88 2462 457 12181 4319 Ramming 38 | . . . . . 4 . 22 . 12 . . . . . . . . . . . . . . . . . . . . . . Kinetic 9984 | 37 771 72 . 113 607 1169 755 580 1911 98 765 121 . . . 2470 13 . . . . . . . . . . . . 214 288 Thermal 1492 | . . . . . . . . . . . . 191 132 555 29 585 . . . . . . . . . . . . . . . Explosive 2447 | . . 368 . 879 592 415 164 . . . . 29 . . . . . . . . . . . . . . . . . . . Electromagnetic 159 | . . . . . . . . . . . . . . . 65 . . . . . . . . . . . . . . 94 . Impact . | . . . . . . . . . . . . . . . . . . . . . . . . . . . . . . . . Slashing 33460 | . . . . . . . 107 . 36 . 652 430 580 40 1175 . 1114 432 1040 . . 980 499 782 1809 4779 88 2462 457 11967 4031 Piercing . | . . . . . . . . . . . . . . . . . . . . . . . . . . . . . . . . Phasic 1891 | . . . . . . . . . . . . . . . . . . . . . . . 520 174 163 250 169 . . . 615 Highest Corruption 57 | . . . . . . . . . 5 5 . . 2 2 2 57 6 6 15 15 9 9 6 . . 1 . . . . . Average Corruption 6 | . . . . . . . . . 2 5 . . 1 2 1 27 5 6 12 13 9 8 6 . . 1 . . . . . Corruption Purged 11 | . . . . . . . . . . . . . . . 2 . . . . 6 . 3 . . . . . . . . . Corruption Blocked . | . . . . . . . . . . . . . . . . . . . . . . . . . . . . . . . . Effects 179 | . . . . . . . . . 10 5 . . 12 1 2 6 13 5 55 24 7 15 16 . . 8 . . . . . Message Errors 45 | . . . . . . . . . 3 . . . 5 . 2 1 1 . 15 5 2 6 5 . . . . . . . . Matter Fused 44 | . . . . . . . . . 2 . . . 4 . . 1 5 2 14 7 . . 6 . . 3 . . . . . Heat Flow Errors 20 | . . . . . . . . . . . . . 1 1 . 1 4 . 4 5 1 3 . . . . . . . . . Energy Discharges 22 | . . . . . . . . . 2 1 . . 1 . . 1 1 . 7 2 . 2 3 . . 2 . . . . . Parts Rejected 2 | . . . . . . . . . . . . . . . . 1 . . . . . . . . . 1 . . . . . Parts Fused 2 | . . . . . . . . . . . . . . . . . . . 1 . . 1 . . . . . . . . . Data Loss (minor) 25 | . . . . . . . . . 3 1 . . . . . . 1 2 10 4 1 1 2 . . . . . . . . Data Loss (major) 8 | . . . . . . . . . . . . . 1 . . . . . 1 1 1 2 . . . 2 . . . . . Misfires 3 | . . . . . . . . . . 1 . . . . . . 1 . . . 1 . . . . . . . . . . Alerts 4 | . . . . . . . . . . 1 . . . . . . . 1 1 . 1 . . . . . . . . . . Misdirections 3 | . . . . . . . . . . . . . . . . 1 . . 2 . . . . . . . . . . . . Weapon Failures 1 | . . . . . . . . . . 1 . . . . . . . . . . . . . . . . . . . . . Overload Shots . | . . . . . . . . . . . . . . . . . . . . . . . . . . . . . . . . Overflow Damage 4535 | . . 5 . 80 31 48 13 . 1 . 228 180 11 18 377 103 55 74 159 . . 287 106 312 205 643 32 448 108 847 164 Projectiles 384 | . . . . . . . . . . . 128 . . . . 103 . . . . . . 106 . . . 32 . . . 15 Explosions 164 | . . 5 . 80 31 48 . . . . . . . . . . . . . . . . . . . . . . . . . Melee 3987 | . . . . . . . 13 . 1 . 100 180 11 18 377 . 55 74 159 . . 287 . 312 205 643 . 448 108 847 149 Knockbacks 35 | . . . . . . . . . . . 2 . . . . 33 . . . . . . . . . . . . . . . Impact . | . . . . . . . . . . . . . . . . . . . . . . . . . . . . . . . . Kinetic 30 | . . . . . . . . . . . 2 . . . . 28 . . . . . . . . . . . . . . . Secondary 5 | . . . . . . . . . . . . . . . . 5 . . . . . . . . . . . . . . . Self-Inflicted Damage 232 | . . 40 . 32 43 . 9 . 2 . . 40 . . . . . . . . 66 . . . . . . . . . . Shots 8 | . . 1 . 2 2 . 1 . . . . 1 . . . . . . . . 1 . . . . . . . . . . Rammed 6 | . . . . . 2 . 2 . 2 . . . . . . . . . . . . . . . . . . . . . . Targets Rammed 6 | . . . . . 2 . 2 . 2 . . . . . . . . . . . . . . . . . . . . . . Kicked . | . . . . . . . . . . . . . . . . . . . . . . . . . . . . . . . . Crushed . | . . . . . . . . . . . . . . . . . . . . . . . . . . . . . . . . Highest Temperature 461 | . 28 20 . 21 52 9 31 192 267 72 304 42 202 91 12 60 238 . 296 461 259 253 17 214 22 252 . . . 20 98 Average Temperature 56 | . 16 7 . 9 12 3 20 61 71 44 118 15 90 13 8 32 92 . 42 93 25 105 6 33 9 138 . . . 15 69 Received Heat Transfer 2281 | . 96 40 . 57 234 198 108 82 200 96 36 174 96 63 . 189 156 . 87 . . . 30 . 168 117 45 9 . . . Effects 12 | . . . . . . . . . . . 1 . . . . . . . 5 2 2 . . . . 2 . . . . . Shutdowns 1 | . . . . . . . . . . . . . . . . . . . . 1 . . . . . . . . . . . Energy Bleed 2 | . . . . . . . . . . . 1 . . . . . . . 1 . . . . . . . . . . . . Interference 8 | . . . . . . . . . . . . . . . . . . . 4 . 2 . . . . 2 . . . . . Damage (major) 1 | . . . . . . . . . . . . . . . . . . . . 1 . . . . . . . . . . . Siege Activations 7 | . . . . . . . . . . . 3 . . 2 . 2 . . . . . . . . . . . . . . . Total Turns 2821 | . . . . . . . . . . . 2703 . . 21 . 97 . . . . . . . . . . . . . . . Longest Duration 2630 | . . . . . . . . . . . 2630 . . 11 . 58 . . . . . . . . . . . . . . . Robots Corrupted 1 | . . . . . . . . . . . . . . . . . . . . . . . . . . . . . . 1 . Combat Hostiles 1 | . . . . . . . . . . . . . . . . . . . . . . . . . . . . . . 1 . Parts Fried . | . . . . . . . . . . . . . . . . . . . . . . . . . . . . . . . . Impact Corruptions . | . . . . . . . . . . . . . . . . . . . . . . . . . . . . . . . . Robots Melted 1 | . . . . . . . . . . . . . 1 . . . . . . . . . . . . . . . . . . Combat Hostiles 1 | . . . . . . . . . . . . . 1 . . . . . . . . . . . . . . . . . . Parts Melted 6 | . . . . . . . . . . . . . 4 2 . . . . . . . . . . . . . . . . . Heat Transferred 1888 | . . . . . . . . . . . . 223 148 740 37 740 . . . . . . . . . . . . . . . Parts Sabotaged . | . . . . . . . . . . . . . . . . . . . . . . . . . . . . . . . . Parts Stolen . | . . . . . . . . . . . . . . . . . . . . . . . . . . . . . . . . Parts Stripped 118 | . . . . . . . . . . . . . . . . . . . . . . . . . 10 29 . . 7 62 10 Power Chain Reactions . | . . . . . . . . . . . . . . . . . . . . . . . . . . . . . . . . Alert | -11 -10 -10 -10 -9 -8 -8 -8 -7 -7 -7 -7 -5 -5 -5 -5 -5 -4 -4 -4 -4 -4 -4 -3 -3 -3 -3 -2 -2 -1 -1 -1 ------- Run | Yrd Mat Min Exi Min Mat Gar Mat Fac Sto Rec Scr Fac Ext Cet Arc Hub Fac Was Fac Upp Upp Zhi Pro Res Qua Sec Res Tes Acc Com Ac0 Peak Influence 883 | 5 223 33 . 377 323 852 529 165 303 106 . 883 432 376 340 291 518 200 505 . . . . 161 431 422 296 631 462 379 . Initial 432 | . 3 2 . . 146 209 415 86 67 16 . . 432 202 150 . 115 135 126 . . . . 54 37 27 204 166 352 295 . Average 202 | 1 30 2 . 284 176 549 187 107 144 88 . 386 214 299 178 184 269 177 218 . . . . 79 172 283 253 398 390 238 . Maximum Alert Level 3 | . 1 . . 1 1 3 2 . 1 . . 3 2 1 1 1 2 1 2 . . . . . 2 2 1 2 2 1 . Low Security (%) 51 | 100 98 100 . 4 63 . 67 100 77 100 . 26 67 1 63 28 28 98 50 . . . . 100 69 17 . 17 . 7 . Level 1 38 | . 1 . . 95 36 21 23 . 22 . . 21 27 98 36 71 60 1 47 . . . . . 29 72 100 27 58 92 . Level 2 8 | . . . . . . 54 9 . . . . 37 4 . . . 11 . 2 . . . . . 1 10 . 55 41 . . Level 3 1 | . . . . . . 24 . . . . . 13 . . . . . . . . . . . . . . . . . . . Level 4 . | . . . . . . . . . . . . . . . . . . . . . . . . . . . . . . . . Level 5 . | . . . . . . . . . . . . . . . . . . . . . . . . . . . . . . . . High Security . | . . . . . . . . . . . . . . . . . . . . . . . . . . . . . . . . Max Security . | . . . . . . . . . . . . . . . . . . . . . . . . . . . . . . . . Squads Dispatched 60 | . 1 . . . 5 . 1 1 2 . . 6 1 . . 1 5 . 3 . . . 1 6 3 8 3 10 1 2 . Investigation 13 | . . . . . 1 . 1 . . . . 2 1 . . . 2 . 1 . . . . 1 . . 1 2 . 1 . Extermination 14 | . . . . . . . . . 2 . . 1 . . . . 1 . 1 . . . . . 2 3 . 3 . 1 . Reinforcement 27 | . 1 . . . 3 . . 1 . . . 3 . . . 1 2 . 1 . . . . 5 1 2 2 4 1 . . Assault 2 | . . . . . . . . . . . . . . . . . . . . . . . 1 . . . . 1 . . . Garrison 4 | . . . . . 1 . . . . . . . . . . . . . . . . . . . . 3 . . . . . Intercept . | . . . . . . . . . . . . . . . . . . . . . . . . . . . . . . . . Searches Triggered 2 | . . . . . . . . . . . . . . . . . 1 . . . . . . . 1 . . . . . . Construction Impeded 4 | . . . . . 1 . . . . . . 3 . . . . . . . . . . . . . . . . . . . Haulers Reinforced 3 | . . . . . . . . 1 . . . . . . . . . . . . . . . 2 . . . . . . . Active Scanning Responses . | . . . . . . . . . . . . . . . . . . . . . . . . . . . . . . . . Cargo Convoy Interrupts . | . . . . . . . . . . . . . . . . . . . . . . . . . . . . . . . . Stealth | -11 -10 -10 -10 -9 -8 -8 -8 -7 -7 -7 -7 -5 -5 -5 -5 -5 -4 -4 -4 -4 -4 -4 -3 -3 -3 -3 -2 -2 -1 -1 -1 --------- Run | Yrd Mat Min Exi Min Mat Gar Mat Fac Sto Rec Scr Fac Ext Cet Arc Hub Fac Was Fac Upp Upp Zhi Pro Res Qua Sec Res Tes Acc Com Ac0 Distress Signals 62 | . 1 . . 1 2 . 4 2 2 . . . 1 2 . . 1 . 2 . . . 14 7 1 . . 2 4 16 . Communications Jammed 24 | . . . . . . . . . . . . . . . . . . . . . . . . 6 1 . 4 10 3 . . Distress Signals 24 | . . . . . . . . . . . . . . . . . . . . . . . . 6 1 . 4 10 3 . . Times Spotted 525 | . 20 11 . 17 20 24 32 8 20 2 54 37 20 12 7 19 29 7 35 . . . 23 10 21 26 6 28 9 13 15 Peak Tracking Total 14 | . 4 10 . 4 5 5 3 3 4 1 6 6 5 5 1 9 9 6 7 . . . 12 4 6 4 2 7 14 4 4 Tactical Retreats 50 | . 1 . . . 2 1 2 1 1 . . 1 . . . . 10 1 10 . . . 6 1 6 4 . 1 2 . . Traps | -11 -10 -10 -10 -9 -8 -8 -8 -7 -7 -7 -7 -5 -5 -5 -5 -5 -4 -4 -4 -4 -4 -4 -3 -3 -3 -3 -2 -2 -1 -1 -1 ------- Run | Yrd Mat Min Exi Min Mat Gar Mat Fac Sto Rec Scr Fac Ext Cet Arc Hub Fac Was Fac Upp Upp Zhi Pro Res Qua Sec Res Tes Acc Com Ac0 Traps Triggered 24 | . 1 1 . . 1 2 . . . . . 1 5 . . . 1 . 6 . . . 2 . . . . 2 . 2 . Indirectly . | . . . . . . . . . . . . . . . . . . . . . . . . . . . . . . . . Trap Hack Attempts 39 | . . 39 . . . . . . . . . . . . . . . . . . . . . . . . . . . . . Triggered . | . . . . . . . . . . . . . . . . . . . . . . . . . . . . . . . . Disarmed . | . . . . . . . . . . . . . . . . . . . . . . . . . . . . . . . . Reprogrammed 4 | . . 4 . . . . . . . . . . . . . . . . . . . . . . . . . . . . . Reused . | . . . . . . . . . . . . . . . . . . . . . . . . . . . . . . . . Traps Extracted 3 | . . 3 . . . . . . . . . . . . . . . . . . . . . . . . . . . . . Installed . | . . . . . . . . . . . . . . . . . . . . . . . . . . . . . . . . Triggered 1 | . . . . . . . . . . . . . . . . . . . . . . . . . . . . . . 1 . Most Traps Carried 3 | . . 3 3 . . . . . . . . . . . . . . . . . . . . . . . . . . . . Machines | -11 -10 -10 -10 -9 -8 -8 -8 -7 -7 -7 -7 -5 -5 -5 -5 -5 -4 -4 -4 -4 -4 -4 -3 -3 -3 -3 -2 -2 -1 -1 -1 ---------- Run | Yrd Mat Min Exi Min Mat Gar Mat Fac Sto Rec Scr Fac Ext Cet Arc Hub Fac Was Fac Upp Upp Zhi Pro Res Qua Sec Res Tes Acc Com Ac0 Machines Disabled 63 | . . . . . 1 2 2 1 3 . 16 1 4 . 3 1 . . 2 . . . . . 6 6 . 8 . 4 3 Max in Single Turn 1 | . . . . . 1 1 . 1 1 . 1 . 1 . . 1 . . 1 . . . . . 1 1 . 1 . 1 1 Garrison Access 9 | . . . . . . . . 2 . . . 1 . . . . . . 3 . . . . 2 . . . . 1 . . Garrison Relay 2 | . . . . . . 2 . . . . . . . . . . . . . . . . . . . . . . . . . Phase Generator 1 | . . . . . . . . . . . . . . . . . . . . . . . . . . . . . . 1 . Network Hub 1 | . . . . . . . . . . . . . . . . 1 . . . . . . . . . . . . . . . Energy Cycler 1 | . . . . . . . . . . . . . 1 . . . . . . . . . . . . . . . . . . Machines Repaired . | . . . . . . . . . . . . . . . . . . . . . . . . . . . . . . . . Machines Dismantled . | . . . . . . . . . . . . . . . . . . . . . . . . . . . . . . . . Machines Sabotaged . | . . . . . . . . . . . . . . . . . . . . . . . . . . . . . . . . Overloaded Fab Kills . | . . . . . . . . . . . . . . . . . . . . . . . . . . . . . . . . Hacking | -11 -10 -10 -10 -9 -8 -8 -8 -7 -7 -7 -7 -5 -5 -5 -5 -5 -4 -4 -4 -4 -4 -4 -3 -3 -3 -3 -2 -2 -1 -1 -1 --------- Run | Yrd Mat Min Exi Min Mat Gar Mat Fac Sto Rec Scr Fac Ext Cet Arc Hub Fac Was Fac Upp Upp Zhi Pro Res Qua Sec Res Tes Acc Com Ac0 Machines Accessed 136 | . 6 1 2 . 5 4 10 5 7 4 3 5 2 . . 2 10 . 19 . 2 4 . 9 8 9 1 9 4 5 . Terminals 91 | . 5 . . . 3 4 10 3 7 1 . 2 2 . . 2 8 . 12 . . . . 5 6 8 1 6 2 4 . Fabricators 10 | . . . . . . . . . . . . 2 . . . . 2 . 3 . . . . 1 . . . 1 1 . . Repair Stations 4 | . 1 . . . 1 . . . . . . . . . . . . . . . . . . . . . . 1 . 1 . Recycling Units 3 | . . . . . . . . . . 3 . . . . . . . . . . . . . . . . . . . . . Scanalyzers 5 | . . . . . . . . . . . . . . . . . . . 1 . . . . 1 2 . . 1 . . . Garrison Access 11 | . . . . . 1 . . 2 . . . 1 . . . . . . 3 . . . . 2 . 1 . . 1 . . Total Hacks 439 | . 28 1 5 . 17 12 32 6 14 6 10 16 8 . . 2 41 . 67 . 8 16 . 20 38 27 5 38 9 13 . Successful 256 | . 18 1 5 . 11 4 17 2 10 4 10 11 3 . . 1 18 . 29 . 8 16 . 9 26 12 . 27 5 9 . Failed 182 | . 9 . . . 6 8 15 4 4 2 . 5 5 . . 1 23 . 38 . . . . 11 12 15 5 11 4 4 . Catastrophic 46 | . 1 . . . . 3 2 2 1 . . . . . . 1 6 . 14 . . . . 3 2 6 . 4 1 . . Database Lockouts 1 | . 1 . . . . . . . . . . . . . . . . . . . . . . . . . . . . . . Manual 286 | . 23 . 1 . 6 7 31 4 13 6 . 10 8 . . 3 35 . 48 . . . . 13 25 17 . 23 4 9 . Terminals 314 | . 24 . . . 6 12 32 4 14 3 . 7 8 . . 2 36 . 49 . . . . 15 27 25 5 28 6 11 . Fabricators 32 | . . . . . . . . . . . . 8 . . . . 5 . 11 . . . . 2 . . . 4 2 . . Repair Stations 17 | . 4 . . . 10 . . . . . . . . . . . . . . . . . . . . . . 1 . 2 . Recycling Units 3 | . . . . . . . . . . 3 . . . . . . . . . . . . . . . . . . . . . Scanalyzers 21 | . . . . . . . . . . . . . . . . . . . 4 . . . . 1 11 . . 5 . . . Garrison Access 12 | . . . . . 1 . . 2 . . . 1 . . . . . . 3 . . . . 2 . 2 . . 1 . . Terminal Hacks 104 | . 5 1 5 . . 4 7 . 7 . 10 3 1 . . . 4 . 4 . 8 16 . 3 5 4 . 9 3 5 . Record 25 | . . . 4 . . . . . . . 9 . . . . . . . . . 7 5 . . . . . . . . . Part Schematic 8 | . . . . . . . 2 . . . . 1 . . . . . . . . . 3 . . . 1 . 1 . . . Robot Analysis 8 | . 2 . . . . . 1 . . . . . . . . . . . . . . 4 . . . 1 . . . . . Prototype ID Bank 7 | . . . . . . . . . . . . . . . . . 1 . . . . 4 . 1 . . . 1 . . . Open Door 10 | . . 1 . . . 1 . . 3 . 1 . . . . . . . . . 1 . . . . 2 . . . 1 . Branch Access Points 4 | . . . . . . . . . . . . 1 . . . . 1 . 1 . . . . 1 . . . . . . . Emergency Access Points 1 | . . . . . . 1 . . . . . . . . . . . . . . . . . . . . . . . . . Terminal Index 7 | . . . . . . . . . 1 . . . . . . . 1 . 1 . . . . 1 1 . . . 1 1 . Fabricator Index 2 | . . . . . . . . . . . . . . . . . 1 . . . . . . . . . . . 1 . . Scanalyzer Index 1 | . . . . . . . . . . . . . . . . . . . . . . . . . . . . 1 . . . Garrison Index 1 | . . . . . . . 1 . . . . . . . . . . . . . . . . . . . . . . . . Alert Level 1 | . . . . . . . . . . . . . . . . . . . . . . . . . . . . . . 1 . Unreport Threat 11 | . . . . . . . 3 . 1 . . 1 1 . . . . . 2 . . . . . . . . 1 1 1 . Locate Traps 7 | . 2 . . . . . . . 1 . . . . . . . . . . . . . . . 2 . . 2 . . . Recall Extermination 1 | . . . . . . . . . . . . . . . . . . . . . . . . . . . . 1 . . . Recall Reinforcements 2 | . . . . . . . . . . . . . . . . . . . . . . . . . . . . 2 . . . Hauler Manifests 1 | . 1 . . . . . . . . . . . . . . . . . . . . . . . . . . . . . . Zone Layout 3 | . . . . . . . . . 1 . . . . . . . . . . . . . . . 2 . . . . . . Garrison Registry 1 | . . . . . . 1 . . . . . . . . . . . . . . . . . . . . . . . . . Patrol Navigation 1 | . . . . . . 1 . . . . . . . . . . . . . . . . . . . . . . . . . Derelict Proto ID Bank 1 | . . . 1 . . . . . . . . . . . . . . . . . . . . . . . . . . . . Disengage Seal 1 | . . . . . . . . . . . . . . . . . . . . . . . . . . . . . . 1 . Fabricator Hacks 15 | . . . . . . . . . . . . 3 . . . . 2 . 6 . . . . . . . . 3 1 . . Network Status 2 | . . . . . . . . . . . . 1 . . . . . . . . . . . . . . . 1 . . . Load Schematic 9 | . . . . . . . . . . . . 2 . . . . 2 . 3 . . . . . . . . 1 1 . . Build 4 | . . . . . . . . . . . . . . . . . . . 3 . . . . . . . . 1 . . . Repair Station Hacks 9 | . 2 . . . 7 . . . . . . . . . . . . . . . . . . . . . . . . . . Scan Component 5 | . 1 . . . 4 . . . . . . . . . . . . . . . . . . . . . . . . . . Repair 4 | . 1 . . . 3 . . . . . . . . . . . . . . . . . . . . . . . . . . Recycling Unit Hacks . | . . . . . . . . . . . . . . . . . . . . . . . . . . . . . . . . Scanalyzer 17 | . . . . . . . . . . . . . . . . . . . 3 . . . . 1 8 . . 5 . . . Insert Component 13 | . . . . . . . . . . . . . . . . . . . 2 . . . . 1 5 . . 5 . . . Analyze 4 | . . . . . . . . . . . . . . . . . . . 1 . . . . . 3 . . . . . . Garrison Access Hacks 10 | . . . . . 1 . . 2 . . . 1 . . . . . . 3 . . . . 2 . . . . 1 . . Unlock Access 1 | . . . . . 1 . . . . . . . . . . . . . . . . . . . . . . . . . . Seal Access 9 | . . . . . . . . 2 . . . 1 . . . . . . 3 . . . . 2 . . . . 1 . . Unauthorized Hacks 101 | . 11 . . . 3 . 10 . 3 4 . 4 2 . . 1 12 . 13 . . . . 3 13 8 . 10 . 4 . Terminals 91 | . 11 . . . 3 . 10 . 3 1 . 2 2 . . 1 11 . 12 . . . . 3 13 8 . 8 . 3 . Track 5 | . 1 . . . . . . . 1 . . . . . . . . . 1 . . . . . 1 . . 1 . . . Assimilate 6 | . . . . . 1 . . . . . . . . . . . 1 . 2 . . . . . 1 1 . . . . . Botnet 28 | . 4 . . . . . 4 . . . . . . . . . 3 . 3 . . . . 1 6 2 . 4 . 1 . Disrupt 1 | . . . . . . . . . 1 . . . . . . . . . . . . . . . . . . . . . . Operators 6 | . 1 . . . . . 1 . . . . . 1 . . . 1 . 1 . . . . . . . . . . 1 . Skim 45 | . 5 . . . 2 . 5 . 1 1 . 2 1 . . 1 6 . 5 . . . . 2 5 5 . 3 . 1 . Fabricators 5 | . . . . . . . . . . . . 2 . . . . 1 . 1 . . . . . . . . 1 . . . Prioritize 2 | . . . . . . . . . . . . . . . . . . . 1 . . . . . . . . 1 . . . Recompile 3 | . . . . . . . . . . . . 2 . . . . 1 . . . . . . . . . . . . . . Repair Stations 2 | . . . . . . . . . . . . . . . . . . . . . . . . . . . . 1 . 1 . Patch 2 | . . . . . . . . . . . . . . . . . . . . . . . . . . . . 1 . 1 . Recycling Units 3 | . . . . . . . . . . 3 . . . . . . . . . . . . . . . . . . . . . Tunnel 3 | . . . . . . . . . . 3 . . . . . . . . . . . . . . . . . . . . . Scanalyzers . | . . . . . . . . . . . . . . . . . . . . . . . . . . . . . . . . Garrison Access . | . . . . . . . . . . . . . . . . . . . . . . . . . . . . . . . . Data Cores Recovered 1 | . 1 . . . . . . . . . . . . . . . . . . . . . . . . . . . . . . Used . | . . . . . . . . . . . . . . . . . . . . . . . . . . . . . . . . Hacking Detections 93 | . 5 . . . 4 3 9 3 4 1 . 3 2 . . 2 7 . 16 . . . . 6 6 8 1 7 3 3 . Full Trace Events 5 | . . . . . . . . . . . . . 1 . . . 1 . 1 . . . . . . . 1 1 . . . Feedback Events . | . . . . . . . . . . . . . . . . . . . . . . . . . . . . . . . . Feedback Blocked . | . . . . . . . . . . . . . . . . . . . . . . . . . . . . . . . . Robot Schematics Acquired . | . . . . . . . . . . . . . . . . . . . . . . . . . . . . . . . . Robots Built . | . . . . . . . . . . . . . . . . . . . . . . . . . . . . . . . . Authchips . | . . . . . . . . . . . . . . . . . . . . . . . . . . . . . . . . Time . | . . . . . . . . . . . . . . . . . . . . . . . . . . . . . . . . Total Robot Build Rating . | . . . . . . . . . . . . . . . . . . . . . . . . . . . . . . . . Part Schematics Acquired 63 | . . . . . . . 2 . . . 9 9 8 1 1 2 3 2 8 . 1 5 . . 2 1 . 9 . . . Parts Built 8 | . . . . . . . . . . . . . . . . . . . 6 . . . . . . . . 2 . . . Authchips 3 | . . . . . . . . . . . . . . . . . . . 2 . . . . . . . . 1 . . . Time 224 | . . . . . . . . . . . . . . . . . . . 160 . . . . . . . . 64 . . . Total Part Build Rating 64 | . . . . . . . . . . . . . . . . . . . 48 . . . . . . . . 16 . . . Parts Repaired 4 | . 1 . . . 3 . . . . . . . . . . . . . . . . . . . . . . . . . . Time 114 | . 26 . . . 88 . . . . . . . . . . . . . . . . . . . . . . . . . . Parts Recycled . | . . . . . . . . . . . . . . . . . . . . . . . . . . . . . . . . Recycled Matter . | . . . . . . . . . . . . . . . . . . . . . . . . . . . . . . . . Retrieved Matter . | . . . . . . . . . . . . . . . . . . . . . . . . . . . . . . . . Retrieved Components . | . . . . . . . . . . . . . . . . . . . . . . . . . . . . . . . . Parts Scanalyzed 4 | . . . . . . . . . . . . . . . . . . . 1 . . . . . 3 . . . . . . Part Schematics Acquired 3 | . . . . . . . . . . . . . . . . . . . 1 . . . . . 2 . . . . . . Parts Damaged . | . . . . . . . . . . . . . . . . . . . . . . . . . . . . . . . . Bothacking | -11 -10 -10 -10 -9 -8 -8 -8 -7 -7 -7 -7 -5 -5 -5 -5 -5 -4 -4 -4 -4 -4 -4 -3 -3 -3 -3 -2 -2 -1 -1 -1 ------------ Run | Yrd Mat Min Exi Min Mat Gar Mat Fac Sto Rec Scr Fac Ext Cet Arc Hub Fac Was Fac Upp Upp Zhi Pro Res Qua Sec Res Tes Acc Com Ac0 Used RIF Installer 1 | . . . . . . 1 . . . . . . . . . . . . . . . . . . . . . . . . . Robots Hacked 8 | . . . . . . . . . . . . 5 . . . . . . . . . 3 . . . . . . . . . Non-combat . | . . . . . . . . . . . . . . . . . . . . . . . . . . . . . . . . Combat 8 | . . . . . . . . . . . . 5 . . . . . . . . . 3 . . . . . . . . . Robot Hacks Applied 8 | . . . . . . . . . . . . 5 . . . . . . . . . 3 . . . . . . . . . parse_system 3 | . . . . . . . . . . . . . . . . . . . . . . 3 . . . . . . . . . spike_heat 1 | . . . . . . . . . . . . 1 . . . . . . . . . . . . . . . . . . . reboot_system 3 | . . . . . . . . . . . . 3 . . . . . . . . . . . . . . . . . . . overwrite_iff 1 | . . . . . . . . . . . . 1 . . . . . . . . . . . . . . . . . . . Relay Couplers Released 10 | . . . . . . 6 . . 4 . . . . . . . . . . . . . . . . . . . . . . Machine Destruction 6 | . . . . . . 6 . . . . . . . . . . . . . . . . . . . . . . . . . Programmers 4 | . . . . . . . . . 4 . . . . . . . . . . . . . . . . . . . . . . Attached 1 | . . . . . . . . . . . . 1 . . . . . . . . . . . . . . . . . . . Fabnet Peak Effective % . | . . . . . . . . . . . . . . . . . . . . . . . . . . . . . . . . Robots Rewired 18 | . . . . . . 5 . . . . . . 12 . . . . . . . . . . . . . . 1 . . . Allies Hacked . | . . . . . . . . . . . . . . . . . . . . . . . . . . . . . . . . Hacks Repelled . | . . . . . . . . . . . . . . . . . . . . . . . . . . . . . . . . Allies | -11 -10 -10 -10 -9 -8 -8 -8 -7 -7 -7 -7 -5 -5 -5 -5 -5 -4 -4 -4 -4 -4 -4 -3 -3 -3 -3 -2 -2 -1 -1 -1 -------- Run | Yrd Mat Min Exi Min Mat Gar Mat Fac Sto Rec Scr Fac Ext Cet Arc Hub Fac Was Fac Upp Upp Zhi Pro Res Qua Sec Res Tes Acc Com Ac0 Total Allies 80 | . . 3 . . . 5 . . . . 3 1 13 . . . 1 19 1 . . . . . . . . 1 . 33 . Largest Group 19 | . . 3 3 3 2 3 3 . . . 3 4 12 6 2 1 1 19 1 . . . . . . . . 1 . 15 . Highest-Rated Group 684 | . . 40 40 40 24 120 120 . . . 289 336 577 296 115 82 10 684 10 . . . . . . . . 157 . 433 . Highest-Rated Ally 234 | . . 16 16 16 16 40 40 . . . 101 101 101 93 89 82 10 50 10 . . . . . . . . 157 . 234 . Total Orders 127 | . . 2 . . . . . . . . 123 . . . 2 . . . . . . . . . . . . . . . . STAY 28 | . . 1 . . . . . . . . 26 . . . 1 . . . . . . . . . . . . . . . . FOLLOW 6 | . . 1 . . . . . . . . 4 . . . 1 . . . . . . . . . . . . . . . . EXPLORE 1 | . . . . . . . . . . . 1 . . . . . . . . . . . . . . . . . . . . RETURN 92 | . . . . . . . . . . . 92 . . . . . . . . . . . . . . . . . . . . Ally Attacks 1734 | . . . . 29 7 21 71 . . . 989 124 86 69 15 12 . 99 . . . . . . . . . 25 . 187 . Total Damage 38551 | . . . . 311 55 406 1463 . . . 14345 5587 2543 1998 695 577 . 4380 . . . . . . . . . 1817 . 4374 . Kills 292 | . . . . 8 1 4 19 . . . 142 41 17 8 4 6 . 8 . . . . . . . . . 11 . 23 . Allies Corrupted 3 | . . . . . . . . . . . . . 1 . . . . . . . . . . . . . . . . 2 . Allies Melted 2 | . . . . . . . . . . 1 1 . . . . . . . . . . . . . . . . . . . . Intel | -11 -10 -10 -10 -9 -8 -8 -8 -7 -7 -7 -7 -5 -5 -5 -5 -5 -4 -4 -4 -4 -4 -4 -3 -3 -3 -3 -2 -2 -1 -1 -1 ------- Run | Yrd Mat Min Exi Min Mat Gar Mat Fac Sto Rec Scr Fac Ext Cet Arc Hub Fac Was Fac Upp Upp Zhi Pro Res Qua Sec Res Tes Acc Com Ac0 Robot Analysis Total 8 | . 2 . . . . . 1 . . . . . . . . . . . . . . 4 . . . 1 . . . . . Derelict Logs Recovered 7 | . . 2 . 2 . . . . . . . . . . . . . . . 1 2 . . . . . . . . . . Drone Launches 177 | . . . . . . . . . . . 177 . . . . . . . . . . . . . . . . . . . . Drone Recoveries 154 | . . . . . . . . . . . 154 . . . . . . . . . . . . . . . . . . . . Exploration | -11 -10 -10 -10 -9 -8 -8 -8 -7 -7 -7 -7 -5 -5 -5 -5 -5 -4 -4 -4 -4 -4 -4 -3 -3 -3 -3 -2 -2 -1 -1 -1 ------------- Run | Yrd Mat Min Exi Min Mat Gar Mat Fac Sto Rec Scr Fac Ext Cet Arc Hub Fac Was Fac Upp Upp Zhi Pro Res Qua Sec Res Tes Acc Com Ac0 Turns Passed 48786 | 83 2505 1640 665 726 731 1139 2390 658 1219 336 19702 973 1395 390 995 314 797 250 1492 554 228 319 654 721 1272 1311 256 1048 229 3524 270 Spaces Moved 27227 | 41 635 540 360 425 289 568 999 329 577 168 6716 343 547 162 209 116 1170 345 1878 545 295 186 763 1000 947 1119 238 955 345 4084 333 Core 457 | 3 . . . . . . . . . . 4 . . . 16 15 419 . . . . . . . . . . . . . . Treads 5956 | 38 635 540 167 . 44 568 828 7 . 1 1772 343 547 162 193 101 10 . . . . . . . . . . . . . . Legs . | . . . . . . . . . . . . . . . . . . . . . . . . . . . . . . . . Wheels 7040 | . . . 193 425 245 . 171 322 577 167 4940 . . . . . . . . . . . . . . . . . . . . Hover 12882 | . . . . . . . . . . . . . . . . . 160 95 1878 545 295 186 763 1000 947 1111 226 934 325 4084 333 Flight 831 | . . . . . . . . . . . . . . . . . 581 250 . . . . . . . . . . . . . Fastest Speed 23 | 50 160 232 130 145 145 158 155 155 150 150 120 235 160 160 160 50 23 30 48 68 68 68 68 59 59 59 52 50 51 32 36 Average Speed 120 | 151 184 239 180 145 146 158 206 163 158 181 190 235 231 178 342 152 43 40 63 68 68 68 68 59 59 65 55 52 51 45 40 Slowest Speed 2550 | 160 240 240 232 145 158 158 243 560 245 320 1650 235 240 240 2550 240 200 112 118 68 68 68 138 59 59 138 125 55 51 125 66 Overloaded Moves 65 | . . . . . . . . . . . . . . . . . . . . . . . . . . . . . . 21 44 Propulsion Burnouts . | . . . . . . . . . . . . . . . . . . . . . . . . . . . . . . . . Robots Hopped 6 | . . . . . . . . . . . . . . . . . . 6 . . . . . . . . . . . . . Cave-ins Triggered . | . . . . . . . . . . . . . . . . . . . . . . . . . . . . . . . . Teleports 5 | . . . . . . . . . . . . . . . . . . . . . . . 1 . . 1 . 1 . 1 1 Spacefolds 20 | . . . . . . . . . . . . . . . . . . . . . . . . . . 3 4 6 7 . . Exploration Rate (%) 55 | 4 89 97 70 90 36 66 73 10 74 22 93 11 78 56 88 28 27 89 54 79 71 60 57 31 79 56 14 68 12 80 20 Regions Visited 31 Branch Regions 19 Pre-discovered Areas 18 | . 2 2 1 2 . . 1 . . 3 1 . . . . . . . . 1 1 3 . . . 1 . . . . . Known Exits Taken 15 | . . . . . 1 . 1 1 1 . . 1 . . . . . . 1 1 1 1 1 1 1 1 1 1 . . . Unknown Exits Taken 13 | 1 1 1 1 1 . . . . . 1 1 . 1 1 1 1 . . . . . . . . . . . . 1 1 . Scrap Searched 17 | . . . . 1 . . . . . . 8 . . . . . . . . 3 3 . 2 . . . . . . . . Spaces Dug 191 | . . 10 . 11 . 3 2 7 7 . 10 19 1 . . . 12 . 23 4 . . 13 10 14 14 5 4 7 13 2 Terrain Destroyed 427 | . . 17 . 107 17 6 35 9 7 . 20 19 1 2 . 5 12 . 23 4 46 . 13 10 20 16 5 4 7 20 2 Melee 134 | . . . . . . . 2 4 7 . 3 4 1 . . . 12 . 23 4 . . 13 10 10 11 5 4 7 12 2 Projectile 46 | . . 1 . . . . . 5 . . 17 . . 2 . 5 . . . . . . . . 10 5 . . . 1 . AOE 247 | . . 16 . 107 17 6 33 . . . . 15 . . . . . . . . 46 . . . . . . . . 7 . Terrain Rammed . | . . . . . . . . . . . . . . . . . . . . . . . . . . . . . . . . Walls Destroyed . | . . . . . . . . . . . . . . . . . . . . . . . . . . . . . . . . Machines Disabled . | . . . . . . . . . . . . . . . . . . . . . . . . . . . . . . . . Actions | -11 -10 -10 -10 -9 -8 -8 -8 -7 -7 -7 -7 -5 -5 -5 -5 -5 -4 -4 -4 -4 -4 -4 -3 -3 -3 -3 -2 -2 -1 -1 -1 --------- Run | Yrd Mat Min Exi Min Mat Gar Mat Fac Sto Rec Scr Fac Ext Cet Arc Hub Fac Was Fac Upp Upp Zhi Pro Res Qua Sec Res Tes Acc Com Ac0 Total 42174 | 54 1869 874 379 512 540 708 1251 400 764 198 13637 470 655 245 462 229 1400 450 2113 720 321 365 871 1121 1594 1636 343 1430 370 5745 448 Wait 12370 | 1 1151 258 4 65 179 35 161 13 74 12 6544 60 46 21 225 77 130 73 120 166 23 143 64 62 544 354 76 372 11 1303 3 Move 27147 | 40 634 539 359 424 289 567 998 328 576 167 6715 342 546 161 208 115 1170 335 1877 544 294 185 762 999 946 1113 229 939 331 4083 332 Hop 3 | . . . . . . . . . . . . . . . . . . 3 . . . . . . . . . . . . . Pick Up 312 | 4 9 12 3 . 8 2 12 8 7 5 114 7 5 6 2 1 9 . 17 1 1 5 3 13 8 7 5 8 . 25 5 Fast Attach 182 | 6 2 1 . . 5 2 5 2 6 . 19 5 1 7 2 2 20 5 13 2 . 6 2 2 5 17 2 12 . 29 2 Attach 139 | . 3 2 1 . 5 . 2 3 4 2 18 3 2 2 . 4 13 2 7 . . 2 6 6 2 10 6 3 3 18 10 Detach 130 | . 2 2 1 . 1 . 2 . 2 . 26 1 . 1 . 2 10 11 9 . . 5 3 4 1 12 5 2 1 26 1 Swap 265 | . 4 9 1 9 6 8 14 10 21 4 4 14 8 4 3 4 . 2 14 2 2 2 5 5 11 27 6 24 6 33 3 Drop 394 | . 2 3 10 . 11 4 15 8 16 6 126 8 7 19 4 2 7 14 9 1 1 5 3 10 14 4 3 19 3 51 9 Fire 449 | 3 62 9 . 14 34 52 36 24 46 2 37 17 22 23 4 22 . . . . . 3 . . 20 10 . 1 . 8 . Melee 662 | . . . . . . . 4 4 10 . 34 13 10 1 14 . 41 5 47 4 . 9 22 20 43 82 11 47 15 143 83 Ram 1 | . . . . . . . . . 1 . . . . . . . . . . . . . . . . . . . . . . Kick . | . . . . . . . . . . . . . . . . . . . . . . . . . . . . . . . . Crush 5 | . . . . . 2 . 2 . 1 . . . . . . . . . . . . . . . . . . . . . . Escape Stasis 37 | . . . . . . 2 . . . . . . 8 . . . . . . . . . 1 . . . . . . 26 . Rewire 39 | . . . . . . 36 . . . . . . . . . . . . . . . . . . . . . 3 . . . Trap 39 | . . 39 . . . . . . . . . . . . . . . . . . . . . . . . . . . . . Miscellaneous . | . . . . . . . . . . . . . . . . . . . . . . . . . . . . . . . . Route ------- -11/Scrapyard -10/Materials (discovered 4 exits: *Mat x3 / *Min) -10/Mines (discovered 3 exits: *Mat x2 / *Exi) -10/Exiles (discovered 2 exits: [*Min x2]) -9/Mines (discovered 2 exits: *Mat x2) -8/Materials (discovered 2 exits: *Fac / Gar) -8/Garrison (discovered 4 exits: *Mat x4) -8/Materials (discovered 2 exits: *Fac x2) -7/Factory (discovered 6 exits: *Fac x3 / *Sto / Low x2) -7/Storage (discovered 2 exits: *Fac / *Rec) -7/Recycling -7/Scraptown (discovered 2 exits: *Fac x2) -5/Factory (discovered 4 exits: Upp x2 / *Ext x2) -5/Extension (discovered 3 exits: *Fac x2 / *Cet) -5/Cetus (discovered 2 exits: *Fac / [*Arc]) -5/Archives (discovered 3 exits: *Fac / *Hub x2) -5/Hub_04(d) (discovered 2 exits: *Fac x2) -4/Factory (discovered 3 exits: Res / Upp x2) -4/Waste -4/Factory (discovered 2 exits: *Upp x2) -4/Upper Caves -4/Upper Caves -4/Zhirov -3/Proximity Caves -3/Research (discovered 5 exits: *Res x2 / Arm / *Qua x2) -3/Quarantine -3/Section 7 -2/Research (discovered 3 exits: Acc x2 / *Tes) -2/Testing -1/Access -1/Command (discovered 3 exits: [*Sur x2] / [*Ac0]) -1/Access_0 To Fleet Rendezvous History --------- Turn | Location | Event 2 | -11/Scrapyard | Met Revision 17 17 | -11/Scrapyard | Discovered new exit (range 16) 84 | -11/Scrapyard | Entered Materials 287 | -10/Materials | Discovered new exit (range 16) 314 | -10/Materials | Build established: Mutant 533 | -10/Materials | Repaired Lgt. Treads 645 | -10/Materials | Discovered new exit (range 13) 1385 | -10/Materials | Central database locked down 1417 | -10/Materials | Discovered new exit (range 7) 1555 | -10/Materials | Identified exit to Materials 1625 | -10/Materials | Learned location of 2 exits from Subcaves 1686 | -10/Materials | Learned location of Mines (-10) 1775 | -10/Materials | Learned Storage stockpile data 1802 | -10/Materials | Learned location of 2 exits from Subcaves 1937 | -10/Materials | Learned location of 2 exits from Subcaves 2589 | -10/Materials | Entered Mines 2590 | -10/Mines | Assembled infested the area 2731 | -10/Mines | Destroyed 7 combat bots 2854 | -10/Mines | Discovered exit to Materials (range 9) 2936 | -10/Mines | Joined a pair of Derelicts in attacking an 0b10 outpost 3141 | -10/Mines | Learned location of Storage (-7) 3378 | -10/Mines | Learned location of Zion (-6) 3498 | -10/Mines | Assisted by bots powering up and referring to "LRC-V3" 3666 | -10/Mines | Deemed a non-threat by the Exiles lab entrance 3668 | -10/Mines | Discovered new exit (range 5) 3804 | -10/Mines | Met a Derelict who couldn't figure out how to use a Trap Extractor 4229 | -10/Mines | Entered Exiles 4229 | -10/Exiles | Accompanied by 3 allies 4260 | -10/Exiles | Discovered new exit (range 15) 4287 | -10/Exiles | Met 8R-AWN 4325 | -10/Exiles | Met EX-HEX 4422 | -10/Exiles | Met EX-DEC 4510 | -10/Exiles | Met EX-BIN 4698 | -10/Exiles | Aligned with FarCom system 4700 | -10/Exiles | Given EX-Vault access code 4733 | -10/Exiles | Opened EX-Vault 4743 | -10/Exiles | Found Army-in-a-Box 4753 | -10/Exiles | Found AWS/Autocannon 4763 | -10/Exiles | Found Latent Energy Streamer 4791 | -10/Exiles | Warned to stay clear of 0b10 Research branches 4878 | -10/Exiles | Discovered new exit (range 11) 4894 | -10/Exiles | Stole three prototypes: Army-in-a-Box, Latent Energy Streamer, AWS/Autocannon 4894 | -10/Exiles | Entered Mines 4894 | -9/Mines | Accompanied by 3 allies 4899 | -9/Mines | Core integrity fell below 50% 4952 | -9/Mines | Learned location of Recycling (-7) 5468 | -9/Mines | Found a hidden stash of uninstalled traps 5492 | -9/Mines | Discovered new exit (range 13) 5610 | -9/Mines | Discovered new exit (range 5) 5620 | -9/Mines | Entered Materials 5620 | -8/Materials | Accompanied by 2 allies 5620 | -8/Materials | Evolved 4 slots: Propulsion x1, Utility x3 5688 | -8/Materials | Repaired Com. Wheel 5716 | -8/Materials | Repaired Lgt. Treads 5753 | -8/Materials | Repaired Broken Lgt. Ion Engine? 6061 | -8/Materials | Discovered new exit (range 16) 6077 | -8/Materials | Garrison activated, responded to threat 6170 | -8/Materials | Build established: Hacker-Mutant 6210 | -8/Materials | Destroyed 8 combat bots 6351 | -8/Materials | Identified exit to Garrison 6351 | -8/Materials | Entered Garrison 6487 | -8/Garrison | Triggered checkpoint 6555 | -8/Garrison | Triggered checkpoint 6582 | -8/Garrison | Triggered checkpoint 6661 | -8/Garrison | Triggered checkpoint 6697 | -8/Garrison | Triggered checkpoint 6740 | -8/Garrison | Installed Relay Interface Framework 6769 | -8/Garrison | Garrison Relay disabled 6873 | -8/Garrison | Garrison Relay disabled 6923 | -8/Garrison | Discovered new exit (range 10) 7048 | -8/Garrison | Discovered new exit (range 12) 7127 | -8/Garrison | Triggered checkpoint 7257 | -8/Garrison | Triggered checkpoint 7280 | -8/Garrison | Discovered new exit (range 31) 7280 | -8/Garrison | Discovered new exit (range 18) 7280 | -8/Garrison | Discovered new exit (range 63) 7280 | -8/Garrison | Discovered new exit (range 67) 7490 | -8/Garrison | Entered Materials 7490 | -8/Materials | Accompanied by 3 allies 8102 | -8/Materials | Build established: Scavenger-Mutant 8112 | -8/Materials | Discovered new exit (range 15) 8148 | -8/Materials | Learned Storage trap positions 8199 | -8/Materials | Learned 12 Factory zone layouts 8238 | -8/Materials | Learned 4 Lower Caves zone layouts 8269 | -8/Materials | Learned 2 Lower Caves zone layouts 8303 | -8/Materials | Learned Storage security intel 8305 | -8/Materials | Learned location of 3 exits from Factory 8318 | -8/Materials | Learned Factory terminal intel 8340 | -8/Materials | Learned location of 1 exit from Lower Caves 8410 | -8/Materials | Identified exit to Factory 8558 | -8/Materials | Build established: Hacker-Mutant 9761 | -8/Materials | Build established: Scavenger-Mutant 9880 | -8/Materials | Entered Factory 9880 | -7/Factory | Evolved 2 slots: Utility x1, Weapon x1 9881 | -7/Factory | Identified exit to Lower Caves 9882 | -7/Factory | Identified exit to Storage 9882 | -7/Factory | Identified exit to Factory 9882 | -7/Factory | FarCom data flow suspended 9884 | -7/Factory | Loaded intel: 26 terminal locations 10179 | -7/Factory | Discovered exit to Factory (range 15) 10538 | -7/Factory | Entered Storage 10539 | -7/Storage | Identified exit to Recycling 10540 | -7/Storage | Loaded intel: 13 trap records 10922 | -7/Storage | Used back door to open Recycling access 11270 | -7/Storage | Discovered exit to Factory (range 5) 11314 | -7/Storage | Build established: Scavenger-Tank 11634 | -7/Storage | Met 01-MTF 11757 | -7/Storage | Entered Recycling 11757 | -7/Recycling | Accompanied by 1 ally (01-MTF) 11962 | -7/Recycling | Scanned before Scraplab entrance 12058 | -7/Recycling | Entered Scraplab 12084 | -7/Recycling | Discovered new exit (range 2) 12093 | -7/Recycling | Entered Scraptown 12093 | -7/Scraptown | System corruption cleaned by C-Scrubber 12379 | -7/Scraptown | Build established: Tank 12662 | -7/Scraptown | Heard Great Nut preacher, LISTEN AND RECITE! 12820 | -7/Scraptown | Discovered new exit (range 11) 13015 | -7/Scraptown | Visited Comm Corps 13127 | -7/Scraptown | Visited Bundlers 13303 | -7/Scraptown | Visited CPS Storage 13325 | -7/Scraptown | Visited The Evicted 13385 | -7/Scraptown | Visited Symbiants 13479 | -7/Scraptown | Turned away by UFD registrar 13479 | -7/Scraptown | Turned away by UFD registrar 13533 | -7/Scraptown | Visited SPCMW 13558 | -7/Scraptown | Visited TADAMA 14945 | -7/Scraptown | Build established: Gunner 16409 | -7/Scraptown | Attacked by Scraptown defenders 16416 | -7/Scraptown | Allies destroyed Triborg 16428 | -7/Scraptown | Found Prototype Ballistic Cannon 16428 | -7/Scraptown | Identified Siege Cannon 16446 | -7/Scraptown | Found Tri-treads 16447 | -7/Scraptown | Lost 3 allies 19534 | -7/Scraptown | Lost 8 allies 19630 | -7/Scraptown | Build established: Mutant 19737 | -7/Scraptown | Lost 3 allies 21817 | -7/Scraptown | Discovered new exit (range 5) 21933 | -7/Scraptown | Visited Scrap Suit Storage 22290 | -7/Scraptown | Found Tri-treads 22328 | -7/Scraptown | Visited Sword Containment 22415 | -7/Scraptown | Visited Research Penetration Think Tank 22478 | -7/Scraptown | Visited Scrapoid Research Area 22571 | -7/Scraptown | Visited Infowarlord's Domain 22611 | -7/Scraptown | Visited Junk Repository 22654 | -7/Scraptown | Build established: Scavenger-Mutant 22746 | -7/Scraptown | Visited Botcube Research 22784 | -7/Scraptown | Visited Curators Association 22793 | -7/Scraptown | Found Prototype Storage 22793 | -7/Scraptown | Identified Vmp. Humpback 22824 | -7/Scraptown | Found PL-3XN's Ring of Power 23071 | -7/Scraptown | Visited Abandonware Association 23122 | -7/Scraptown | Learned abandonware demo "REPAIR.EXE" 23122 | -7/Scraptown | Learned abandonware demo "REBOOT5.EXE" 24149 | -7/Scraptown | Tech Extrapolator generated special schematic: Electrostorm Shotgun 25998 | -7/Scraptown | Found Exp. Terrain Scanner 26524 | -7/Scraptown | Found Scrap Suit 27142 | -7/Scraptown | Found Lrg. Botcube 27217 | -7/Scraptown | Lrg. Botcube activated 27253 | -7/Scraptown | Lrg. Botcube completed mutation into treaded form, armed with 4 guns. 27820 | -7/Scraptown | Found Scrap Suit 27861 | -7/Scraptown | Found Lrg. Botcube 27942 | -7/Scraptown | Lrg. Botcube activated 27978 | -7/Scraptown | Lrg. Botcube completed mutation into treaded form, armed with 4 guns. 28162 | -7/Scraptown | Found Botcube 28164 | -7/Scraptown | Found Lrg. Botcube 28212 | -7/Scraptown | Found Scrap Suit 28216 | -7/Scraptown | Found Scrap Suit 30291 | -7/Scraptown | Lrg. Botcube activated 30323 | -7/Scraptown | Lrg. Botcube completed mutation into treaded form, armed with 4 guns. 31795 | -7/Scraptown | Entered Factory 31795 | -5/Factory | Accompanied by 3 allies 31795 | -5/Factory | Evolved 4 slots: Power x1, Propulsion x1, Utility x2 32073 | -5/Factory | Identified exit to Upper Caves 32073 | -5/Factory | Identified exit to Extension 32406 | -5/Factory | Tech Extrapolator generated special schematic: Vmp. Broadsword 32768 | -5/Factory | Entered Extension 32768 | -5/Extension | Accompanied by 3 allies 32844 | -5/Extension | Energy Cycler disabled 32844 | -5/Extension | Rescued a captive Derelict 32844 | -5/Extension | Rescued a captive Derelict 32845 | -5/Extension | Rescued a captive Derelict 32847 | -5/Extension | Rescued a captive Derelict 32848 | -5/Extension | Rescued a captive Derelict 32857 | -5/Extension | Rescued a captive Derelict 32864 | -5/Extension | Rescued a captive Derelict 33326 | -5/Extension | Build established: Commander-Mutant 33517 | -5/Extension | Spotted B-75 Beast 33525 | -5/Extension | Allies destroyed B-75 Beast 33544 | -5/Extension | Spotted B-75 Beast 33563 | -5/Extension | Destroyed B-75 Beast 33571 | -5/Extension | Discovered new exit (range 13) 33589 | -5/Extension | Lost 7 allies 33855 | -5/Extension | Build established: Scavenger-Mutant 33993 | -5/Extension | Extracted ID and sensor layout for unrecognized location from A7's data core 34074 | -5/Extension | Discovered new exit (range 25) 34122 | -5/Extension | Discovered new exit (range 10) 34145 | -5/Extension | Disrupted transfer network 34163 | -5/Extension | Entered Cetus 34163 | -5/Cetus | Accompanied by 6 allies 34196 | -5/Cetus | Spotted Cetus Guard 34196 | -5/Cetus | Spotted Cetus Guard 34198 | -5/Cetus | Spotted Cetus Guard 34199 | -5/Cetus | Spotted Cetus Guard 34206 | -5/Cetus | Allies destroyed Cetus Guard 34211 | -5/Cetus | Allies destroyed Cetus Guard 34213 | -5/Cetus | Allies destroyed Cetus Guard 34219 | -5/Cetus | Allies destroyed Cetus Guard 34377 | -5/Cetus | Discovered new exit (range 15) 34406 | -5/Cetus | Spotted Cetus Guard 34406 | -5/Cetus | Spotted Cetus Guard 34411 | -5/Cetus | Spotted Cetus Guard 34412 | -5/Cetus | Spotted Cetus Guard 34438 | -5/Cetus | Allies destroyed Cetus Guard 34440 | -5/Cetus | Destroyed Cetus Guard 34442 | -5/Cetus | Allies destroyed Cetus Guard 34445 | -5/Cetus | Allies destroyed Cetus Guard 34458 | -5/Cetus | Found Lrg. Botcube 34467 | -5/Cetus | Discovered new exit (range 15) 34486 | -5/Cetus | Met Revision 17 34553 | -5/Cetus | Entered Archives 34553 | -5/Archives | Accompanied by 2 allies 34564 | -5/Archives | Discovered new exit (range 24) 34568 | -5/Archives | Discovered new exit (range 24) 34658 | -5/Archives | Discovered new exit (range 22) 35548 | -5/Archives | Entered Hub_04(d) 35548 | -5/Hub_04(d) | Accompanied by 1 ally 35554 | -5/Hub_04(d) | Discovered new exit (range 24) 35602 | -5/Hub_04(d) | Discovered new exit (range 29) 35605 | -5/Hub_04(d) | Spotted B-75 Beast 35721 | -5/Hub_04(d) | Network Hub disabled 35748 | -5/Hub_04(d) | Spotted Lightning 35749 | -5/Hub_04(d) | Spotted Lightning 35750 | -5/Hub_04(d) | Spotted Lightning 35759 | -5/Hub_04(d) | Destroyed B-75 Beast 35767 | -5/Hub_04(d) | Spotted Lightning 35770 | -5/Hub_04(d) | Spotted Lightning 35772 | -5/Hub_04(d) | Spotted Lightning 35779 | -5/Hub_04(d) | System corruption reached 10% 35811 | -5/Hub_04(d) | Destroyed Lightning 35813 | -5/Hub_04(d) | System corruption reached 30% 35851 | -5/Hub_04(d) | Core integrity fell below 50% 35862 | -5/Hub_04(d) | Entered Factory 35862 | -4/Factory | Evolved 2 slots: Propulsion x1, Utility x1 35881 | -4/Factory | Lost 10 parts (2p2n5u1w) 36136 | -4/Factory | Build established: Mutant 36443 | -4/Factory | Lost 4 parts (1p1n1u1w) 36463 | -4/Factory | Spotted B-86 Titan 36482 | -4/Factory | Identified exit to Upper Caves 36612 | -4/Factory | Search patrols dispatched 36651 | -4/Factory | Identified exit to Research 36659 | -4/Factory | Manually triggered Chute Trap 36659 | -4/Factory | Sucked down chute 36659 | -4/Factory | Entered Waste 36660 | -4/Waste | Spotted C-40 Crusher 36662 | -4/Waste | Spotted C-40 Crusher 36663 | -4/Waste | Spotted C-40 Crusher 36676 | -4/Waste | Spotted C-40 Crusher 36685 | -4/Waste | Spotted C-40 Crusher 36685 | -4/Waste | Spotted C-40 Crusher 36694 | -4/Waste | Discovered new exit (range 11) 36721 | -4/Waste | Warlord forces began an assault 36758 | -4/Waste | Allies destroyed C-40 Crusher 36762 | -4/Waste | Tech Extrapolator generated special schematic: Vmp. Heavy Siege Treads 36765 | -4/Waste | Allies destroyed C-40 Crusher 36766 | -4/Waste | Allies destroyed C-40 Crusher 36776 | -4/Waste | Allies destroyed C-40 Crusher 36778 | -4/Waste | Allies destroyed C-40 Crusher 36803 | -4/Waste | Lost 4 allies 36908 | -4/Waste | Identified exit to Factory 36909 | -4/Waste | Entered Factory 36958 | -4/Factory | Found Unknown Protection 36958 | -4/Factory | Identified Imp. Powered Armor 36960 | -4/Factory | Found Imp. Powered Armor 37084 | -4/Factory | Fabricated Cmb. Antigrav System (x2) 37105 | -4/Factory | System corruption reached 10% 37151 | -4/Factory | Fabricated Cmb. Antigrav System (x2) 37231 | -4/Factory | Found Prototype Device 37244 | -4/Factory | Build established: Scavenger-Mutant 37328 | -4/Factory | Identified Adv. EM Disruption Field 37621 | -4/Factory | Build established: Scavenger-Gladiator 37822 | -4/Factory | Tech Extrapolator generated special schematic: Active Sensor Spoofer 37823 | -4/Factory | Spotted B-86 Titan 37889 | -4/Factory | Tech Extrapolator generated special schematic: Vmp. Brace Plating 37986 | -4/Factory | Tech Extrapolator generated special schematic: Energy Deflector 38082 | -4/Factory | Fabricated Cmb. Antigrav System? 38397 | -4/Factory | Build established: Machinist-Gladiator 38401 | -4/Factory | Entered Upper Caves 38950 | -4/Upper Caves | Discovered new exit (range 4) 38952 | -4/Upper Caves | Identified exit to Upper Caves 38955 | -4/Upper Caves | Entered another Upper Caves area 39057 | -4/Upper Caves | Encountered a Warlord checkpoint 39146 | -4/Upper Caves | Learned Armory trap positions 39146 | -4/Upper Caves | Learned Armory stockpile data 39146 | -4/Upper Caves | Learned Extension terminal intel 39146 | -4/Upper Caves | Learned Armory garrison access intel 39179 | -4/Upper Caves | Discovered new exit (range 7) 39182 | -4/Upper Caves | Identified exit to Zhirov 39183 | -4/Upper Caves | Entered Zhirov 39183 | -4/Zhirov | Discovered new exit (range 3) 39197 | -4/Zhirov | Met Zhirov 39215 | -4/Zhirov | Learned location of Quarantine (-3) 39215 | -4/Zhirov | Learned location of Testing (-2) 39215 | -4/Zhirov | Learned location of Command (-1) 39221 | -4/Zhirov | Zhirov requested help retrieving the SGEMP Prototype 39235 | -4/Zhirov | Found Alien Artifact 39235 | -4/Zhirov | Identified Integrated Reactor 39235 | -4/Zhirov | Installed Integrated Reactor, increased core energy generation (+10) 39247 | -4/Zhirov | Found Alien Artifact 39303 | -4/Zhirov | Forged Quantum Companion 39362 | -4/Zhirov | Identified exit to Proximity Caves 39502 | -4/Zhirov | Entered Proximity Caves 39893 | -3/Proximity Caves | Attracted the attention of an 0b10 outpost 39919 | -3/Proximity Caves | Attracted the attention of an 0b10 checkpoint 39938 | -3/Proximity Caves | Core integrity fell below 50% 39960 | -3/Proximity Caves | Identified Transdimensional Reconstructor 39960 | -3/Proximity Caves | Warped through subspace 40141 | -3/Proximity Caves | Discovered exit to Research (range 10) 40156 | -3/Proximity Caves | Entered Research 40156 | -3/Research | Evolved 2 slots: Propulsion x1, Utility x1 40157 | -3/Research | Identified exit to Quarantine 40261 | -3/Research | Found Exp. Terrain Scanner 40294 | -3/Research | Identified exit to Armory 40356 | -3/Research | Revision forces began assault on 0b10 40408 | -3/Research | Discovered new exit (range 7) 40411 | -3/Research | Identified exit to Research 40422 | -3/Research | Discovered exit to Research (range 7) 40654 | -3/Research | Met up with Revision 17++ 40701 | -3/Research | Build established: Hacker-Gladiator 40856 | -3/Research | Research terminal network offline 40876 | -3/Research | Found Prototype Protection 40877 | -3/Research | Entered Quarantine 40927 | -3/Quarantine | Found Alien Artifact 40927 | -3/Quarantine | Identified Phase Redirector 41064 | -3/Quarantine | Found Prototype Device 41066 | -3/Quarantine | Identified Exp. Thermal Defense Suite 41066 | -3/Quarantine | Identified Centrium Heavy Armor Plating 41138 | -3/Quarantine | Found Alien Impact Weapon 41157 | -3/Quarantine | Found Alien Artifact 41184 | -3/Quarantine | Found Alien Artifact 41236 | -3/Quarantine | Found Alien Artifact 41257 | -3/Quarantine | Build established: Hacker-Scout 41425 | -3/Quarantine | Found Alien Slashing Weapon 41425 | -3/Quarantine | Identified Sigix Broadsword 41436 | -3/Quarantine | Found Alien Artifact 41451 | -3/Quarantine | Identified exit to Section 7 41483 | -3/Quarantine | Discovered exit to Research (range 11) 41499 | -3/Quarantine | Learned Access recycling unit intel 41499 | -3/Quarantine | Identified Core Reset Matrix 41499 | -3/Quarantine | Identified Dimensional Node Initializer 41499 | -3/Quarantine | Identified Subatomic Replicator 41499 | -3/Quarantine | Identified Core Stripper 41499 | -3/Quarantine | Identified Hpw. Transdimensional Reconstructor 41499 | -3/Quarantine | Used Core Reset Matrix 41503 | -3/Quarantine | Detected hypermatrix surge 41503 | -3/Quarantine | Sensed 13 artifacts in vicinity 41537 | -3/Quarantine | Learned 4 Research zone layouts 41566 | -3/Quarantine | Learned Research security intel 41587 | -3/Quarantine | Learned Section 7 trap positions 41587 | -3/Quarantine | Build established: Hacker-Gladiator 41597 | -3/Quarantine | Learned Testing emergency access door positions 41599 | -3/Quarantine | Learned location of 1 exit from Research 41612 | -3/Quarantine | Learned Research terminal intel 41619 | -3/Quarantine | Spotted Fortress 41627 | -3/Quarantine | Search patrols dispatched 41635 | -3/Quarantine | Learned 4 Research zone layouts 41660 | -3/Quarantine | Discovered exit to Section 7 (range 5) 41670 | -3/Quarantine | Learned Access garrison access intel 42149 | -3/Quarantine | Entered Section 7 42150 | -3/Section 7 | Sensed 25 artifacts in vicinity 42150 | -3/Section 7 | Loaded intel: 24 trap records 42168 | -3/Section 7 | Forged Prototype Slashing Weapon 42185 | -3/Section 7 | Spotted S7 Guard 42223 | -3/Section 7 | Destroyed S7 Guard 42226 | -3/Section 7 | Found Prototype Protection 42226 | -3/Section 7 | Identified Hvy. Regenerative Plating 42245 | -3/Section 7 | Found Integrated Thermoelectric Network 42245 | -3/Section 7 | Installed Integrated Thermoelectric Network, gained heat-energy exchange potential 42289 | -3/Section 7 | Found Integrated Dissipator 42289 | -3/Section 7 | Installed Integrated Dissipator, increased core heat dissipation (+20) 42304 | -3/Section 7 | Found Integrated Reactor 42304 | -3/Section 7 | Installed Integrated Reactor, increased core energy generation (+10) 42453 | -3/Section 7 | Garrison activated, responded to threat 42472 | -3/Section 7 | Found Spacefold Activator 42480 | -3/Section 7 | Spotted Alpha 7 42511 | -3/Section 7 | Learned 4 Testing zone layouts 42577 | -3/Section 7 | Learned location of Armory (-3) 42601 | -3/Section 7 | Build established: Alien-Gladiator 42631 | -3/Section 7 | Learned 4 Testing zone layouts 42737 | -3/Section 7 | Initialized slip node 42746 | -3/Section 7 | Learned Access stockpile data 42793 | -3/Section 7 | Spotted Alpha 7 42795 | -3/Section 7 | Learned Research stockpile data 42819 | -3/Section 7 | Destroyed Alpha 7 42830 | -3/Section 7 | Destroyed Alpha 7 42906 | -3/Section 7 | Spotted S7 Guard 42909 | -3/Section 7 | Found Core Membrane 42909 | -3/Section 7 | Installed Core Membrane, gained immunity to corruption 42934 | -3/Section 7 | Spotted B-99 Colossus 42997 | -3/Section 7 | Found Integrated Dissipator 42997 | -3/Section 7 | Installed Integrated Dissipator, increased core heat dissipation (+20) 42999 | -3/Section 7 | Found Integrated Dissipator 42999 | -3/Section 7 | Installed Integrated Dissipator, increased core heat dissipation (+20) 43001 | -3/Section 7 | Found Integrated Dissipator 43001 | -3/Section 7 | Installed Integrated Dissipator, increased core heat dissipation (+20) 43028 | -3/Section 7 | Found LRC Storage 43028 | -3/Section 7 | Installed LRC Storage, increased inventory capacity (+2) 43030 | -3/Section 7 | Found LRC Inertial Stabilizer 43030 | -3/Section 7 | Installed LRC Inertial Stabilizer, increased mass support (+10) 43379 | -3/Section 7 | Found Transdimensional Reconstructor 43382 | -3/Section 7 | Found Hpw. Transdimensional Reconstructor 43384 | -3/Section 7 | Found Transdimensional Reconstructor 43384 | -3/Section 7 | Warped through subspace to slip node 43459 | -3/Section 7 | Spotted B-86 Titan 43460 | -3/Section 7 | Entered Research 43460 | -2/Research | Evolved 2 slots: Propulsion x1, Utility x1 43461 | -2/Research | Identified exit to Access 43465 | -2/Research | Loaded intel: 22 terminal locations 43712 | -2/Research | Discovered new exit (range 7) 43716 | -2/Research | Identified exit to Testing 43716 | -2/Research | Entered Testing 43742 | -2/Testing | Found Prototype Launcher 43793 | -2/Testing | Found Prototype Energy Gun 43793 | -2/Testing | Identified Tachyon Dispersion Ray 43901 | -2/Testing | Found Prototype Ballistic Cannon 43901 | -2/Testing | Identified Omega Cannon 43914 | -2/Testing | Found Prototype Hackware 43914 | -2/Testing | Identified System Mapper 43927 | -2/Testing | Found Prototype Hackware 44004 | -2/Testing | Spotted Striker 44096 | -2/Testing | Spotted PX-I4BHHEU4H8 44100 | -2/Testing | Rewired PX-I4BHHEU4H8 44127 | -2/Testing | Found Prototype Device 44337 | -2/Testing | Found Prototype Processor 44339 | -2/Testing | Identified Exp. Core Analyzer 44339 | -2/Testing | Identified Exp. Hacking Suite 44339 | -2/Testing | Identified Z-bomb Delivery System 44339 | -2/Testing | Identified AEGIS Remote Shield 44512 | -2/Testing | First assault squad dispatched 44600 | -2/Testing | Warped through subspace 44695 | -2/Testing | Discovered exit to Access (range 15) 44723 | -2/Testing | Fabricated Cmb. Antigrav System? 44764 | -2/Testing | Entered Access 44764 | -1/Access | Evolved 2 slots: Propulsion x1, Utility x1 44766 | -1/Access | Loaded intel: 5 garrison access locations 44988 | -1/Access | Discovered new exit (range 6) 44993 | -1/Access | Entered Command 45166 | -1/Command | Spotted M Guard 45166 | -1/Command | Spotted M Guard 45166 | -1/Command | Spotted Combat Programmer 45188 | -1/Command | Spotted Combat Programmer 45193 | -1/Command | Destroyed Combat Programmer 45201 | -1/Command | Destroyed Combat Programmer 45256 | -1/Command | Destroyed M Guard 45295 | -1/Command | Destroyed M Guard 45295 | -1/Command | All MAIN.C guards destroyed 45300 | -1/Command | Found Prototype Reactor 45300 | -1/Command | Identified Zero-point Reactor 45308 | -1/Command | Found Zero-point Reactor 45348 | -1/Command | Disengaged cave seal 45348 | -1/Command | Assembled emerged from the dark tunnel 45583 | -1/Command | Met MAIN.C 45595 | -1/Command | 0b10 Conduit disabled 45624 | -1/Command | Destroyed MAIN.C Shell 45624 | -1/Command | MAIN.C activated Command garrisons 45640 | -1/Command | Lost 7 allies 45674 | -1/Command | Destroyed MAIN.C 45675 | -1/Command | Discovered new exit (range 42) 45675 | -1/Command | Discovered new exit (range 80) 45675 | -1/Command | Extracted map data and part IDs from MAIN.C's data core 45677 | -1/Command | Found Exp. Powered Armor 45700 | -1/Command | Lost 6 parts (2n4u) 45744 | -1/Command | Found AEGIS Remote Shield 45900 | -1/Command | Phase Generator disabled 46985 | -1/Command | Found Zero-point Reactor 46995 | -1/Command | Found Hvy. Regenerative Plating 47147 | -1/Command | Found Exp. Core Analyzer 47153 | -1/Command | Found Exp. Core Analyzer 48512 | -1/Command | Warped through subspace to slip node 48512 | -1/Command | Discovered new exit (range 5) 48515 | -1/Command | Found Vortex Chain Reactor 48517 | -1/Command | Entered Access_0 48518 | -1/Access_0 | Sensed 2 artifacts in vicinity 48518 | -1/Access_0 | Met Architect 48536 | -1/Access_0 | Architect warped through subspace 48546 | -1/Access_0 | Found Prototype Protection 48562 | -1/Access_0 | Found Integrated Reactor 48562 | -1/Access_0 | Installed Integrated Reactor, increased core energy generation (+10) 48581 | -1/Access_0 | Core integrity fell below 50% 48582 | -1/Access_0 | Architect warped through subspace 48583 | -1/Access_0 | Found Prototype Protection 48593 | -1/Access_0 | Subspace Access Node disabled 48622 | -1/Access_0 | Architect warped through subspace 48635 | -1/Access_0 | Found Exp. Phase Shifter 48652 | -1/Access_0 | Architect warped through subspace 48687 | -1/Access_0 | A6 warped into view 48746 | -1/Access_0 | Core integrity fell below 20% 48749 | -1/Access_0 | Identified Centrium Linked Plating (x2) 48783 | -1/Access_0 | Warped through subspace to slip node 48783 | -1/Access_0 | Discovered new exit (range 8) 48787 | *** | Heading to fleet! Last Messages --------------- Superquantum Companion releases a shadow of itself that zips off towards A6. 48772_ Centrium Linked Plating destroyed. 48773_ Penetrated by Quantum Shear. 48773_ Zero-point Reactor destroyed. 48773_ Quantum Shear penetrates Wall. 48775_ Critical hit (Impale). 48775_ Cmb. Antigrav System destroyed. 48775_ A6 follow-up attacks with Enh. Force Lance. 48776_ Penetrated by Quantum Shear. 48777_ A6 follow-up attacks with Enh. Force Lance. 48778_ Cmb. Antigrav System destroyed. 48778_ Centrium Linked Plating destroyed. 48780_ Acquired 15 matter. 48782_ Penetrated by Quantum Shear. 48782_ AEGIS Remote Shield destroyed. 48783_ Warped through subspace, drawn to slip node. 48783_ EXIT=FOUND 48785_ A0_RES: I have more important things to do than play hide-and-seek. Deal with this piece of junk if it returns. [Achievement: By A Hair] Map ----- +----------------------------------------------------+ | | | | | | | | | | | | | | | | | | | | | | | | | | | | | | | | | ?????????????????????????????????????????????????? | | ?????????????????????????????????????????????????? | | ?????????????????????????????????????????????????? | | ?????????????????????????????????????????????????? | | ?????????????????????????????????????????????????? | | ?????????????????????????????????????????????????? | | ????????????????????????###??????????????????????? | | ???????????????????????## ##?????????????????????? | | ???????????????????????# #?????????????????????? | | ???????????????????????# @ #?????????????????????? | | ??????????????????????## #?????????????????????? | | ??????????????????????# #?????????????????????? | | ??????????????????????# ##?????????????????????? | | ??????????????????????## #?????????????????????? | | ??????????????????????# #?????????????????????? | | ??????????????????????# ##?????????????????????? | | ??????????????????????# ] #?????????????????????? | | ??????????????????????# ##?????????????????????? | | ??????????????????????## #??????????????????????? | | ???????????????????????####??????????????????????? | | ?????????????????????????????????????????????????? | | ?????????????????????????????????????????????????? | | ?????????????????????????????????????????????????? | | ?????????????????????????????????????????????????? | | ?????????????????????????????????????????????????? | | ?????????????????????????????????????????????????? | | ?????????????????????????????????????????????????? | | ?????????????????????????????????????????????????? | | ?????????????????????????????????????????????????? | | ?????????????????????????????????????????????????? | | ?????????????????????????????????????????????????? | | ?????????????????????????????????????????????????? | | ?????????????????????????????????????????????????? | | ?????????????????????????????????????????????????? | +----------------------------------------------------+ Best States ------------- Heat Dissipation 132 Energy Generation 92 Energy Capacity 880 Matter Stores 300 Matter Capacity 300 Sight Range 22 Robot Scan Range 18 Terrain Scan Range 30 Terrain Scan Density 210 Jamming Range 16 Power Amplification 20 Armor Coverage 1350 Resistance: KI 25 Resistance: TH 10 Resistance: EM 50 Core Shielding 30 Utility Shielding 66 Weapon Shielding 66 Melee Speed Boost 50 Phase Shifting 20 Evasion (%) 91 Targeting Accuracy 6 Melee Accuracy 24 Target Analysis 6 Core Analysis 8 Armor Integrity Analysis 40 Recoil Reduction 4 Offensive Hacking 50 Defensive Hacking 12 Relay Coupler Types 1 Relay Coupler Value 18 Authchip Count 2 Trap Extractor Capacity 6 Item Schematics ----------------- Cmb. Antigrav System | -3/Quarantine | Scanalyzed Lrg. Storage Unit | -3/Quarantine | Scanalyzed Exp. Actuator Array | -3/Section 7 | Hacked Nanosword | -2/Testing | Hacked Prc. Matter Filter | -2/Testing | Archive Imp. Diametric Drive | -2/Testing | Archive Exp. Heat Sink | -2/Testing | Archive Graviton Cannon | -2/Testing | Archive Imp. Energy Well | -2/Testing | Archive Cld. Field Propulsion Drive | -2/Testing | Archive Com. Linear Accelerator | -2/Testing | Archive Exp. Cooling System | -2/Testing | Archive Robot Schematics ------------------ None Fabricated ------------ Cmb. Antigrav System | x2 | -4/Factory | Authchip Cmb. Antigrav System | x2 | -4/Factory | Authchip Cmb. Antigrav System | x2 | -4/Factory Cmb. Antigrav System | x2 | -2/Testing | Authchip Alien Tech Used ----------------- Integrated Reactor Transdimensional Reconstructor Phase Redirector Sigix Broadsword Core Reset Matrix Subatomic Replicator Integrated Thermoelectric Network Integrated Dissipator Dimensional Node Initializer Core Membrane Spacefold Activator LRC Storage LRC Inertial Stabilizer High-powered Transdimensional Reconstructor Core Stripper Achievements -------------- By A Hair Challenges ------------ None Game ------ Seed TransportGodRegenerator Manual? 0 Play Time 06:55:41 Cumulative 608.9 hours Start 2024.07.30 @ 18:54:55 End 2024.08.03 @ 19:48:32 Sessions 13 Manual Loads 0 Difficulty Rogue Special Mode None Game No. 661 Rogue 574 Adventurer 87 Explorer 0 Win Type 2 Total 36 Types 8/0/22/1/1/1/3/0/0 Lore% 93 Gallery% 93 Achievement% 80 Wizard Run 0 Options --------- Layout 0 ASCII 0 Keyboard 1 Movement Numpad Keybinds 0 Fullscreen 2 Font 16/SmallcapsGlow Map View 88x55 Zoom Use 0% Tactical HUD 1 Map Filters NONE Filters NONE Steam 1 RUN: cec96bbd-3c04-4f53-bb31-3c46f928e279